 Dungeon Crawl Stone Soup version 0.25-a0-713-g4845790874 (webtiles) character file.

Game seed: 5247770931479792007, levelgen mode: deterministic

1276151 Armakuni the Slayer (level 27, -37/258 (261) HPs)
             Began as a Human Wanderer on Apr 3, 2020.
             Was the Champion of the Shining One.
             Killed from afar by Jory (79 damage)
             ... with a crystal spear
             ... on level 2 of the Tomb of the Ancients on Apr 5, 2020.
             The game lasted 09:30:14 (85567 turns).

Armakuni the Slayer (Human Wanderer)               Turns: 85567, Time: 09:30:15

HP:   -37/258 (261) AC: 34    Str: 22    XL:     27
MP:   34/42         EV: 20    Int: 18    God:    the Shining One [******]
Gold: 12661         SH:  0    Dex: 17    Spells: 4/56 levels left

rFire    + + +     SeeInvis +   a - +8 longbow "Zephyr" {speed, Dex+3 SInv}
rCold    + + .     Gourm    .   (shield currently unavailable)
rNeg     + + +     Faith    .   V - +5 pearl dragon scales
rPois    +         Spirit   .   F - -2 hat of the Alchemist {rElec rPois rF+ rC+ rN+ MR+ rMut rCorr}
rElec    +         Reflect  .   e - scarf {rC+ rF+}
rCorr    +         Harm     .   s - +3 pair of gauntlets of War {Slay+5}
rMut     +                      O - +2 pair of boots of the Sunfish {rF+}
MR       +++++                  R - amulet of Vitality {Regen+ HP+15}
Stlth    ..........             H - ring of Toonenk {*Drain rPois rF+ MR+++ Int+5, =R}
HPRegen  0.93/turn              E - ring of Phasing {EV+8}
MPRegen  0.28/turn

@: brilliant, lethally poisoned (-37 -> -37), divine shield, singing, held,
slowed, glowing, studying Earth Magic, very slow
A: large bone plates 1, poison resistance, screaming 1, weak 1, evolution 1
}: 14/15 runes: serpentine, barnacled, slimy, silver, iron, obsidian, icy, bone,
abyssal, demonic, glowing, magical, fiery, dark
a: Divine Shield, Cleansing Flame, Summon Divine Warrior, Renounce Religion


You were on level 2 of the Tomb of the Ancients.
You worshipped the Shining One.
The Shining One was exalted by your worship.
You were very hungry.

You visited 17 branches of the dungeon, and saw 84 of its levels.
You visited Pandemonium 2 times, and saw 20 of its levels.
You visited the Abyss 2 times.
You visited 1 bazaar.
You also visited: Trove and Sewer.

You collected 35611 gold pieces.
You spent 12928 gold pieces at shops.
You paid 10022 gold pieces to Gozag.

Inventory:

Hand Weapons
 a - the +8 longbow "Zephyr" (weapon) {speed, Dex+3 SInv}
   (You found it on level 4 of the Dungeon)

   Attacks with this weapon are significantly faster.
   It affects your dexterity (+3).
   It lets you see invisible.
 b - a +9 longbow of holy wrath
 l - a +9 lajatang of speed
 u - the +8 mithril axe "Arga" {speed, MR+}
   (You found it on level 7 of Cocytus)

   Attacks with this weapon are significantly faster.
   It affects your resistance to hostile enchantments.
Missiles
 A - 507 arrows (quivered)
 M - 9 throwing nets
 X - 67 silver javelins
 Y - 14 javelins
Armour
 e - a scarf of resistance (worn)
 s - the +3 pair of gauntlets of War (worn) {Slay+5}
   (You acquired it in Pandemonium)

   It affects your accuracy and damage with ranged weapons and melee attacks
   (+5).
 F - the -2 hat of the Alchemist (worn) {rElec rPois rF+ rC+ rN+ MR+ rMut rCorr}
   (You bought it in a shop on level 1 of the Vaults)

   It protects you from fire.
   It protects you from cold.
   It insulates you from electricity.
   It protects you from poison.
   It protects you from negative energy.
   It affects your resistance to hostile enchantments.
   It provides partial protection from all sources of acid and corrosion.
   It protects you from mutation.
 O - the +2 pair of boots of the Sunfish (worn) {rF+}
   (You found it on level 2 of the Depths)

   It protects you from fire.
 V - +5 pearl dragon scales (worn)
Jewellery
 E - the ring of Phasing (right hand) {EV+8}
   (You bought it in a shop on level 2 of the Snake Pit)

   [ring of evasion]

   It affects your evasion (+8).
 H - the ring of Toonenk (left hand) {*Drain rPois rF+ MR+++ Int+5, =R}
   (You bought it in a shop on level 10 of the Dungeon)

   [ring of protection from fire]

   It affects your intelligence (+5).
   It protects you from fire.
   It protects you from poison.
   It affects your resistance to hostile enchantments.
   It causes draining when unequipped.
 R - the amulet of Vitality (around neck) {Regen+ HP+15}
   (You found it on level 3 of the Depths)

   [amulet of regeneration]

   It affects your health (+15).
   It increases your rate of regeneration.
 T - an uncursed ring of teleportation
Wands
 p - a wand of acid (16)
 v - a wand of digging (24)
 y - a wand of scattershot (9)
 N - a wand of paralysis (32)
Scrolls
 d - 4 scrolls of blinking
 f - 22 scrolls of identify
 j - 8 scrolls of amnesia
 m - 33 scrolls of remove curse
 o - 7 scrolls of noise
 q - 5 scrolls of vulnerability
 r - 2 scrolls of summoning
 z - 5 scrolls of teleportation
 B - 2 scrolls of magic mapping
 C - a scroll of silence
 G - 15 scrolls of fear
 Q - 6 scrolls of fog
 W - 2 scrolls of immolation
Potions
 c - 14 potions of lignification
 g - 4 potions of magic
 i - 19 potions of curing
 k - 4 potions of flight
 n - 8 potions of mutation
 t - 6 potions of brilliance
 w - 2 potions of cancellation
 x - 7 potions of might
 J - 9 potions of heal wounds
 L - 6 potions of resistance
Books
 I - a manual of Earth Magic
Miscellaneous
 Z - a phantom mirror
Comestibles
 h - 56 rations


   Skills:
 - Level 26.4 Fighting
   Level 10.0 Long Blades
 - Level 14.0 Staves
 - Level 24.0 Bows
 - Level 20.0 Throwing
 - Level 26.2 Armour
 - Level 20.0 Dodging
   Level 1.0 Shields
 - Level 1.0 Unarmed Combat
 - Level 15.0 Spellcasting
 - Level 4.0 Hexes
 - Level 10.0 Charms
 + Level 9.0 Summonings
 - Level 26.3 Translocations
 - Level 15.0 Invocations
 - Level 4.0 Evocations


You had 4 spell levels left.
You knew the following spells:

 Your Spells              Type           Power        Failure   Level  Hunger
a - Aura of Abjuration    Summ           ######....   5%          5    None
b - Controlled Blink      Tloc           N/A          1%          8    None
d - Disjunction           Tloc           ########..   1%          8    None
g - Shroud of Golubria    Chrm/Tloc      ######       0%          2    None
h - Swiftness             Chrm/Air       #####...     1%          2    None
l - Lesser Beckoning      Tloc           ########..   0%          3    None
o - Teleport Other        Tloc           ########     0%          3    None
p - Portal Projectile     Hex/Tloc       ######       1%          3    None
r - Recall                Summ/Tloc      N/A          0%          3    None
s - Song of Slaying       Chrm           ######..     1%          2    None
z - Apportation           Tloc           ######       0%          1    None
B - Blink                 Tloc           N/A          0%          2    None
D - Dispersal             Tloc           ########..   1%          6    None
G - Passage of Golubria   Tloc           N/A          0%          4    None

Your spell library contained the following spells:

 Spells                   Type           Power        Failure   Level  Hunger
 Gell's Gravitas          Tloc           ########..   0%          3    None
 Corona                   Hex            #####..      1%          1    None
 Infusion                 Chrm           ####         1%          1    None
 Summon Small Mammal      Summ           ####         1%          1    None
 Call Imp                 Summ           ######..     1%          2    None
 Call Canine Familiar     Summ           ######..     1%          3    None
 Spectral Weapon          Hex/Chrm       ######..     1%          3    None
 Summon Guardian Golem    Hex/Summ       ######..     1%          3    None
 Iskenderun's Mystic Bla  Conj/Tloc      #######.     1%          4    None
 Slow                     Hex            #####...     2%          2    None
 Ozocubu's Armour         Chrm/Ice       #####...     3%          3    None
 Confusing Touch          Hex            #####...     4%          3    None
 Tukima's Dance           Hex            #####...     4%          3    None
 Ensorcelled Hibernation  Hex/Ice        ####..       5%          2    None
 Animate Skeleton         Necr           N/A          8%          1    None
 Beastly Appendage        Tmut           ###...       8%          1    None
 Foxfire                  Conj/Fire      ###.         8%          1    None
 Freeze                   Ice            ###.         8%          1    None
 Magic Dart               Conj           ###.         8%          1    None
 Pain                     Necr           ###.         8%          1    None
 Sandblast                Erth           ###...       8%          1    None
 Shock                    Conj/Air       ###.         8%          1    None
 Sting                    Tmut/Pois      ###.         8%          1    None
 Dazzling Flash           Conj/Hex       ####..       11%         3    None
 Inner Flame              Hex/Fire       ####....     11%         3    None
 Corpse Rot               Necr/Air       N/A          12%         2    None
 Passwall                 Tmut/Erth      ###.....     12%         2    None
 Poisonous Vapours        Pois/Air       ###...       12%         2    None
 Searing Ray              Conj           ###...       12%         2    None
 Sticks to Snakes         Tmut           ###.....     12%         2    None
 Sublimation of Blood     Necr           ###.......   12%         2    None
 Summon Ice Beast         Ice/Summ       #####...     12%         4    None
 Summon Lightning Spire   Summ/Air       #####...     12%         4    None
 Conjure Flame            Conj/Fire      ###.....     24%         3    None
 Frozen Ramparts          Ice            ###...       24%         3    None
 Ignite Poison            Fire/Tmut/Pois ###.....     24%         3    None
 Mephitic Cloud           Conj/Pois/Air  ###.....     24%         3    None
 Spider Form              Tmut/Pois      ###.......   24%         3    None
 Static Discharge         Conj/Air       ###.....     24%         3    None
 Stone Arrow              Conj/Erth      ###...       24%         3    None
 Vampiric Draining        Necr           ###.......   24%         3    None
 Fulminant Prism          Conj/Hex       ####......   34%         4    None
 Leda's Liquefaction      Hex/Erth       ####......   34%         4    None
 Airstrike                Air            ###.......   61%         4    None
 Animate Dead             Necr           N/A          61%         4    None
 Dispel Undead            Necr           ###.....     61%         4    None
 Hailstorm                Conj/Ice       ###.....     61%         4    None
 Ice Form                 Ice/Tmut       ###.....     61%         4    None
 Petrify                  Tmut/Erth      ###.....     61%         4    None
 Sticky Flame             Conj/Fire      ###.....     61%         4    None
 Summon Forest            Summ/Tloc      #######...   1%          5    None
 Malign Gateway           Summ/Tloc      #######...   4%          7    None
 Summon Demon             Summ           ######....   5%          5    None
 Summon Mana Viper        Hex/Summ       ######..     16%         5    None
 Excruciating Wounds      Chrm/Necr      #####.....   28%         5    None
 Iskenderun's Battlesphe  Conj/Chrm      #####...     28%         5    None
 Shadow Creatures         Summ           N/A          30%         6    None
 Metabolic Englaciation   Hex/Ice        ####......   67%         5    None
 Silence                  Hex/Air        ####......   67%         5    None
 Yara's Violent Unravell  Hex/Tmut       ####......   67%         5    None
 Deflect Missiles         Chrm/Air       #####.....   83%         6    None
 Monstrous Menagerie      Summ           ######....   86%         7    None
 Summon Greater Demon     Summ           ######....   86%         7    None
 Summon Hydra             Summ           ######....   86%         7    None
 Agony                    Necr           ###.....     91%         5    None
 Alistair's Intoxication  Tmut/Pois      ###.....     91%         5    None
 Blade Hands              Tmut           ###.......   91%         5    None
 Bolt of Magma            Conj/Fire/Erth ###.......   91%         5    None
 Borgnjor's Vile Clutch   Necr/Erth      ###.......   91%         5    None
 Fireball                 Conj/Fire      ###.......   91%         5    None
 Irradiate                Conj/Tmut      ###.......   91%         5    None
 Lee's Rapid Deconstruct  Erth           ###.......   91%         5    None
 Lightning Bolt           Conj/Air       ###.......   91%         5    None
 Darkness                 Hex            #####.....   93%         6    None
 Invisibility             Hex            #####...     93%         6    None
 Conjure Ball Lightning   Conj/Air       ###.......   100%        6    None
 Eringya's Noxious Bog    Tmut/Pois      ###.......   100%        6    None
 Freezing Cloud           Conj/Ice/Air   ###.......   100%        6    None
 Hydra Form               Tmut           ###.......   100%        6    None
 Iron Shot                Conj/Erth      ###.......   100%        6    None
 Ozocubu's Refrigeration  Ice            ###.......   100%        6    None
 Simulacrum               Ice/Necr       ###.......   100%        6    None
 Starburst                Conj/Fire      ###.......   100%        6    None
 Statue Form              Tmut/Erth      ###......    100%        6    None
 Dragon Form              Tmut           ###.......   100%        7    None
 Haunt                    Necr/Summ      #####.....   100%        7    None
 Orb of Destruction       Conj           ###.......   100%        7    None
 Ring of Flames           Chrm/Fire      #####.....   100%        7    None
 Spellforged Servitor     Conj/Summ      #####.....   100%        7    None
 Borgnjor's Revivificati  Necr           ###.......   100%        8    None
 Chain Lightning          Conj/Air       ###.......   100%        8    None
 Death's Door             Chrm/Necr      #####.....   100%        8    None
 Ignition                 Fire           ###.......   100%        8    None
 Infestation              Necr           ###.......   100%        8    None
 Lehudib's Crystal Spear  Conj/Erth      ###.......   100%        8    None
 Necromutation            Tmut/Necr      ###.......   100%        8    None
 Summon Horrible Things   Summ           ######....   100%        8    None
 Absolute Zero            Ice            ###.......   100%        9    None
 Dragon's Call            Summ           ######....   100%        9    None
 Fire Storm               Conj/Fire      ###.......   100%        9    None
 Shatter                  Erth           ###.......   100%        9    None
 Tornado                  Air            ###.......   100%        9    None


Dungeon Overview and Level Annotations

Branches:
Dungeon (15/15)            Temple (1/1) D:6            Lair (6/6) D:10
 Shoals (4/4) Lair:4        Snake (4/4) Lair:2        Slime (5/5) Lair:6
    Orc (2/2) D:12            Elf (3/3) Orc:2        Vaults (5/5) D:13
  Crypt (3/3) Vaults:3       Tomb (2/3) Crypt:3      Depths (5/5) D:15
   Hell (visited)             Dis (7/7) Hell            Geh (7/7) Hell
    Coc (7/7) Hell            Tar (7/7) Hell            Zot (0/5) Depths:5
  Sewer (visited)

Altars:
Ashenzari
Cheibriados
Dithmenos
Elyvilon
Fedhas
Gozag
Hepliaklqana
Kikubaaqudgha
Makhleb
Nemelex Xobeh
Okawaru
Qazlal
Ru
Sif Muna
Trog
Uskayaw
Vehumet
Wu Jian
Xom
Yredelemnul
Zin
The Shining One
Jiyva

Shops:
D:4 (   D:7 =   D:10 =   Orc:2 *[(   Lair:1 [[   Shoals:3 :   Snake:2 =((
Snake:3 !*((**   Vaults:1 [*   Vaults:5 }   Depths:3 !?[

Portals:
Hell: Depths:1 Depths:2 Depths:3 Depths:4 Depths:5
Abyss: D:5 Depths:4 Depths:5
Pandemonium: Depths:3 Depths:4
Ziggurat: Depths:5

Annotations:
D:5 2 transporters, zkyp's ghost, novice DsAM
D:7 1 runed translucent door, Killmatronix's ghost, novice DsWn
D:10 artifakti amuletti
Slime:4 exclusion: downstairs
Elf:2 3 runed translucent doors
Tomb:2 Jory
Dis:3 7 runed doors
Dis:7 Dispater
Geh:7 Asmodeus
Coc:7 exclusion: 3 ice statues, Antaeus; Serpent of Hell


Innate Abilities, Weirdness & Mutations

You are partially covered in large bone plates. (SH +4)
Your system is resistant to poisons. (rPois)
You occasionally shout uncontrollably at your foes.
You are weak. (Str -2)
You evolve.


Message History

The death scarab misses you.
The greater mummy calls on the powers of darkness!
The mana viper convulses!
Your body is wracked with pain!
* * * LOW HITPOINT WARNING * * *
The mana viper convulses!
The emperor scorpion convulses! x3
The mana viper convulses! x2
The greater mummy gestures at you while chanting.
Something smites you!
* * * LOW HITPOINT WARNING * * *
A flying skull comes into view.
You hear a loud "Zot"!
The greater mummy gestures wildly while chanting.
The greater mummy calls on the powers of darkness!
The emperor scorpion convulses!
Your body is wracked with pain!
* * * LOW HITPOINT WARNING * * *
The emperor scorpion convulses!
The mana viper convulses! x3
The emperor scorpion convulses! x2; The mana viper convulses!
Jory points at you and mumbles some strange words.
The crystal spear hits you!!!!
You die...

.[.........
......... .
#§......# .
..##.......##..
.?Z.S[.§.ZM....
......M°.4.....
....ZZSss..z...
.....W†@[VsM...
.....Mss.Ms....
......MWMM.....
....S.S........
..##§......##..
( #.......# z
.........
.....!.....


You could see 5 greater mummies, Jory, 4 emperor scorpions, a mummy priest, a
shadow wraith (invisible), 4 mana vipers, 2 guardian mummies, an ice devil, a
spectral dire elephant, 2 death scarabs, a shadow, 2 flying skulls, an iron
dragon simulacrum, a naga simulacrum and a fire giant simulacrum.

Vanquished Creatures
  Cerebov (Pan)
  the Royal Jelly (Slime:5)
  Gloorx Vloq (Pan)
  Ereshkigal (Tar:7)
  Dissolution (Slime:5)
  A seraph (Pan)
  Mnoleg (Pan)
  Lom Lobon (Pan)
  6 pandemonium lords (Pan)
  2 juggernauts
  4 ancient liches
  Mennas (Vaults:5)
  4 greater mummies
  Boris (Tomb:2)
  The ghost of Amisofog the Conqueror, a veteran CeHu of Okawaru (Depths:2)
  9 shard shrikes
  Vashnia (Snake:2)
  Margery (Vaults:2)
  Bai Suzhen (Depths:2)
  Frederick (Vaults:5)
  Xtahua (Depths:5)
  A curse toe (Crypt:3)
  Geryon (Hell)
  Nikola (Shoals:4)
  4 golden dragons
  2 pearl dragons (Pan)
  8 bone dragons
  5 doom hounds
  5 iron giants
  18 Brimstone Fiends
  20 Tzitzimimeh
  11 Ice Fiends
  7 Hell Sentinels
  15 liches
  4 titans
  7 tentacled monstrosities
  A deep elf blademaster (Depths:2)
  The ghost of Hasart the Cryomancer, an adept DgIE (Elf:3)
  28 acid blobs
  7 quicksilver dragons
  Murray (Hell)
  7 tentacled starspawn
  33 Executioners
  15 sphinxes
  2 deep elf master archers (Elf:3)
  4 tengu reavers (Vaults:5)
  An eldritch tentacle (Geh:3)
  Frances (D:14)
  Agnes (Snake:2)
  17 ancient champions
  Kirke (Snake:1)
  4 shadow dragons
  A thorn hunter (Abyss:5)
  3 storm dragons
  A revenant (Crypt:3)
  Ilsuiw (Shoals:3)
  13 azure jellies
  17 daevas
  13 fire giants
  13 nagarajas
  5 deep elf sorcerers
  The ghost of Hitos the Summoner, a journeyman DrSu of Sif Muna (Snake:3)
  Aizul (Snake:2)
  An orc warlord (Vaults:4)
  An iron dragon (Dis:7)
  21 cacodemons
  2 curse skulls (Pan)
  15 vault wardens
  24 balrugs
  A draconian shifter (Depths:5)
  A caustic shrike zombie (Crypt:2)
  9 deep elf elementalists
  10 warmongers (Pan)
  A draconian annihilator (Depths:5)
  18 frost giants
  A ghost moth (shapeshifter) (Vaults:5)
  9 ghouls
  34 angels (Pan)
  26 very ugly things
  14 ironheart preservers
  21 ophanim
  19 stone giants
  11 war gargoyles (Dis:7)
  6 blood saints (Pan)
  42 reapers
  8 vampire knights
  33 apis (Pan)
  3 elemental wellsprings
  A spriggan defender (Depths:2)
  10 corrupters (Pan)
  2 entropy weavers
  16 lorocyprocas
  3 black suns (Pan)
  7 deep elf demonologists
  Nessos (Lair:4)
  2 pale draconians (Depths:5)
  10 deep elf annihilators
  2 white draconians (Depths:5)
  A red draconian (Abyss:5)
  A spark wasp (Depths:2)
  2 purple draconians (Depths:5)
  3 yellow draconians
  3 quicksilver dragon zombies
  7 merfolk javelineers
  29 blizzard demons
  12 deep elf death magi
  8 merfolk impalers
  10 mummy priests
  13 ettins
  22 green deaths
  13 death oozes
  5 eidola
  18 great orbs of eyes
  Josephine (Shoals:1)
  10 fire dragons
  6 jiangshi
  11 deep elf high priests
  39 vault guards
  Fannar (Orc:1)
  4 quicksilver dragon skeletons
  19 yaktaur captains
  Harold (Orc:1)
  3 kraken zombies
  22 ice dragons
  10 monstrous demonspawn (Pan)
  7 rakshasas
  19 naga warriors
  A ghost crab (Tar:3)
  5 spriggan air magi
  6 hydras
  5 hell beasts
  3 merfolk avatars
  6 catoblepae
  5 anacondas
  4 merfolk aquamancers (Shoals:4)
  3 alligator snapping turtles (Shoals:4)
  19 ogre magi
  62 two-headed ogres
  15 centaur warriors
  3 death knights
  3 satyrs
  6 deep troll shamans
  6 tengu warriors
  13 dancing weapons
  A death yak (shapeshifter) (Vaults:5)
  6 death yaks (Lair:6)
  6 death scarabs (Tomb:2)
  5 spriggan berserkers
  8 deep troll earth magi
  12 titan zombies
  9 thrashing horrors
  26 hell hogs
  10 vampire magi
  A shock serpent (shapeshifter) (Vaults:1)
  6 holy swine (Pan)
  13 naga sharpshooters
  6 storm dragon zombies
  40 sun demons
  3 shock serpents
  An orc high priest (Elf:1)
  Sonja (D:12)
  35 soul eaters
  18 deep elf knights
  An iron golem (Geh:6)
  Nergalle (Lair:2)
  2 iron trolls
  29 sixfirhies
  6 wretched stars
  A ghost moth zombie (Geh:1)
  A salamander mystic (Snake:2)
  22 small abominations
  25 shadow wraiths
  3 titan skeletons
  5 spatial maelstroms
  13 anaconda zombies
  31 deep trolls
  A spark wasp zombie (Crypt:3)
  8 gelid demonspawn (Pan)
  79 hell knights
  20 shadow demons
  77 skeletal warriors
  5 storm dragon skeletons
  6 unseen horrors
  10 glowing orange brains
  8 flayed ghosts
  An unseen horror (shapeshifter) (Elf:1)
  15 sea snakes
  An iron giant zombie (Crypt:2)
  A kraken simulacrum (Shoals:4)
  5 golden dragon zombies
  A tengu zombie (D:15)
  17 cherubim (Pan)
  12 infernal demonspawn
  13 wizards
  A swamp dragon (shapeshifter) (Vaults:5)
  3 shadow dragon zombies
  36 starcursed masses
  3 naga ritualists
  3 torturous demonspawn (Pan)
  34 necromancers
  6 orc knights
  12 deep elf archers
  14 phantasmal warriors
  2 anaconda skeletons
  11 ironbrand convokers
  2 harpies (shapeshifter) (Vaults:1)
  15 harpies
  3 golden dragon skeletons
  An obsidian statue (Snake:3)
  2 iron dragon zombies
  6 mana vipers
  A wolf spider zombie (Dis:4)
  5 stone giant zombies
  5 wolf spiders
  A shadow dragon skeleton (Crypt:2)
  A tengu skeleton (Depths:4)
  2 orc sorcerers
  5 fire giant zombies
  A manticore (shapeshifter) (Vaults:1)
  7 salamanders
  6 fauns
  38 deep elf magi
  6 cyclopes
  16 manticores
  4 human zombies
  8 shining eyes
  61 ugly things
  2 moths of wrath (Depths:2)
  5 fire giant skeletons
  5 frost giant zombies
  12 elephants (Lair:5)
  A salamander (shapeshifter) (Abyss:2)
  39 rust devils
  5 merfolk sirens
  6 molten gargoyles (Geh:7)
  6 worldbinders
  7 frost giant skeletons
  3 apocalypse crabs
  10 water nymphs
  A water nymph (shapeshifter) (Vaults:5)
  5 dire elephant zombies
  4 eyes of devastation
  3 ice statues
  21 black mambas
  13 vault sentinels
  5 iron dragon skeletons
  A torpor snail (shapeshifter) (Vaults:4)
  69 smoke demons
  7 stone giant skeletons
  2 centaur zombies (D:15)
  29 naga magi
  A shock serpent zombie (Geh:5)
  5 guardian serpents
  2 white draconian zombies
  The ghost of EtherCrawl the Gouger, a novice FeBe of Trog (D:6)
  19 orange demons
  7 spiny frogs
  A gargoyle (D:12)
  A torpor snail (Lair:5)
  3 rime drakes
  A catoblepas zombie (Geh:7)
  13 demonic crawlers
  3 emperor scorpion zombies
  A sea snake zombie (Crypt:3)
  4 dire elephant skeletons
  2 shock serpent skeletons
  4 efreet
  A ghost moth simulacrum (Coc:5)
  43 freezing wraiths
  25 hellions
  A red draconian zombie (Tar:7)
  2 kobold demonologists (D:14)
  A green draconian zombie (Crypt:1)
  22 hellwings
  3 komodo dragons
  2 elf skeletons
  52 yaktaurs
  3 golden dragon simulacra
  58 ice devils
  A sea snake skeleton (Crypt:2)
  A queen bee (Lair:1)
  34 tormentors
  3 silent spectres
  An anaconda simulacrum (Hell)
  10 ancient zymes
  31 merfolk
  16 guardian mummies
  9 tengu conjurers
  A purple draconian skeleton (Crypt:3)
  4 wind drakes
  2 polar bears (shapeshifter)
  30 red devils
  A polar bear (Vaults:2)
  2 wolf spider simulacra
  13 hydra zombies
  A minotaur skeleton (Crypt:1)
  A harpy zombie (Hell)
  A queen bee (shapeshifter) (Vaults:2)
  7 trolls
  A catoblepas skeleton (Pan)
  A black draconian skeleton (Coc:5)
  5 hydra skeletons
  10 raiju
  139 slime creatures
  2 shadow dragon simulacra
  3 meliai (D:13)
  A blink frog (shapeshifter) (Vaults:1)
  14 hippogriffs
  7 ettin zombies
  4 hornets
  A harpy skeleton (Crypt:3)
  3 fire dragon zombies
  Prince Ribbit (D:9)
  10 blink frogs
  12 snapping turtles
  A stone giant simulacrum (Coc:5)
  2 spriggan zombies (D:15)
  A death drake skeleton (Crypt:1)
  2 black mamba zombies
  A frost giant simulacrum (Depths:2)
  9 ice dragon zombies
  66 flying skulls
  3 alligator zombies
  6 air elementals
  6 ettin skeletons
  A fire dragon skeleton (Geh:7)
  5 ice dragon skeletons
  85 large abominations
  31 shadows
  2 spriggan skeletons
  33 ynoxinuls
  3 spriggans
  An alligator skeleton (Coc:5)
  A tarantella (Vaults:4)
  28 wraiths
  44 yaks
  2 black mamba skeletons
  A redback (Vaults:4)
  6 ushabtiu (Tomb:1)
  3 hogs (Snake:1)
  2 tarantellas (shapeshifter)
  3 wyverns
  A hog (shapeshifter) (Vaults:2)
  30 water elementals
  Eustachio (D:9)
  4 basilisks
  20 fire elementals
  2 golden eyes (Pan)
  3 humans
  27 chaos spawn
  23 neqoxecs
  An emperor scorpion simulacrum (Coc:6)
  11 hungry ghosts
  43 nagas
  3 steam dragons (Depths:5)
  6 spatial vortices (Abyss:2)
  2 soldier ants (D:15)
  4 wargs
  A swamp worm (shapeshifter) (Depths:2)
  A merfolk zombie (Dis:4)
  10 spiny frog zombies
  4 acid dragons
  7 water moccasins
  3 porcupines
  36 hell hounds
  A two-headed ogre skeleton (Crypt:3)
  A floating eye (shapeshifter) (Vaults:5)
  15 ice beasts
  A swamp drake (D:12)
  13 eyes of draining
  14 necrophages
  41 orc warriors
  A swamp drake (shapeshifter) (Vaults:5)
  An ettin simulacrum (Hell)
  A black bear (D:6)
  61 ogres
  3 spiny frog skeletons
  A manticore zombie (Crypt:2)
  8 boggarts
  3 snapping turtle zombies
  3 phantoms (D:7)
  5 snapping turtle skeletons
  3 swamp dragon zombies
  2 eyes of draining (shapeshifter)
  An ice dragon simulacrum (Coc:6)
  A manticore skeleton (Coc:5)
  A sky beast (D:11)
  9 wolves
  28 centaurs
  9 crocodiles
  2 big kobolds
  14 bullfrogs
  3 earth elementals
  Blork the orc (D:6)
  A salamander skeleton (Crypt:1)
  2 spiny frog simulacra
  A water moccasin zombie (D:8)
  3 human skeletons
  4 scorpions
  A water moccasin skeleton (Crypt:2)
  30 killer bees
  A human simulacrum (Vaults:4)
  A troll skeleton (Coc:5)
  A yak skeleton (Crypt:2)
  76 wights
  3 electric eels (D:10)
  3 howler monkeys
  15 crimson imps
  3 quasits
  3 bullfrog zombies
  3 jellies
  10 hounds
  8 centaur skeletons
  A bullfrog skeleton (D:4)
  19 orc priests
  A gnoll shaman (D:7)
  18 iron imps
  24 orc wizards
  3 iguanas
  5 worker ants
  2 centaur simulacra (D:6)
  A naga zombie (Tar:4)
  2 ogre zombies
  14 mummies
  A howler monkey zombie (Crypt:1)
  A worker ant zombie (D:7)
  12 gnolls
  13 adders
  A naga simulacrum (Coc:5)
  14 shadow imps
  29 white imps
  A howler monkey simulacrum (D:6)
  4 ufetubi
  3 adder skeletons
  An adder zombie (D:8)
  3 worms
  2 ball lightnings (Pan)
  8 leopard geckos
  96 orcs
  A ball python (D:6)
  12 giant cockroaches
  5 goblins
  10 hobgoblins
  9 jackals
  A quokka (D:4)
  7 bats
  3 frilled lizards
  A hobgoblin zombie (Crypt:3)
  16 kobolds
  A kobold skeleton (Pan)
  A kobold zombie (Geh:3)
  A leopard gecko skeleton (D:6)
  An orc skeleton (Geh:3)
  An orc zombie (Coc:7)
  A quokka skeleton (D:6)
  A quokka zombie (D:5)
  5 rats
  6 briar patches (Abyss:5)
  2 butterflies (Lair:3)
  A crawling corpse (Elf:3)
  4 fire vortices (Pan)
  A lurking horror (Abyss:5)
  4 plants
  10 starspawn tentacles
  7 tentacles
4464 creatures vanquished.

Vanquished Creatures (collateral kills)
  2 bone dragons (Abyss:3)
  A Hell Sentinel (Dis:7)
  2 acid blobs (Slime:5)
  4 Executioners (Pan)
  2 tentacled starspawn (Abyss:3)
  2 ancient champions (Dis:6)
  An azure jelly (Slime:5)
  4 balrugs
  2 reapers (Dis:7)
  An apis (Pan)
  A blizzard demon (Dis:7)
  An ice dragon (Coc:7)
  2 hell hogs (Geh:7)
  A titan zombie (Dis:6)
  A thrashing horror (Abyss:5)
  A hell knight (Dis:7)
  A soul eater (Pan)
  5 sun demons
  A sixfirhy (Abyss:3)
  A golden dragon skeleton (Pan)
  A phantasmal warrior (Abyss:3)
  A mana viper (Snake:4)
  A fire giant zombie (Dis:7)
  An ugly thing (Abyss:3)
  A rust devil (Dis:7)
  2 smoke demons
  A dire elephant zombie (Dis:7)
  2 emperor scorpion zombies (Dis:7)
  A hellion (Geh:7)
  An ice devil (Coc:7)
  3 tormentors
  A hellwing (Abyss:3)
  An ancient zyme (Abyss:3)
  A hydra zombie (Dis:6)
  A hydra skeleton (Pan)
  A raiju (Abyss:3)
  An ettin zombie (Geh:7)
  5 slime creatures (Slime:5)
  2 flying skulls (Abyss:3)
  A ynoxinul (Abyss:3)
  3 large abominations
  2 wraiths (Geh:7)
  A golden eye (Abyss:3)
  A neqoxec (Abyss:3)
  3 small abominations (Abyss:3)
  A spatial vortex (Abyss:3)
  A spiny frog zombie (Dis:7)
  2 hell hounds
  A manticore zombie (Geh:7)
  A manticore skeleton (Geh:7)
  An iron imp (Dis:7)
  A white imp (Coc:7)
  A starspawn tentacle (Abyss:3)
84 creatures vanquished.

Vanquished Creatures (others)
  A pandemonium lord (Pan)
  3 eldritch tentacles
  A deep elf sorcerer (Elf:3)
  A vault warden (Vaults:5)
  2 very ugly things (Pan)
  A merfolk aquamancer (Shoals:4)
  A hell hog (Geh:7)
  A shock serpent (Snake:4)
  A skeletal warrior (Coc:7)
  A wizard (Pan)
  A necromancer (Geh:5)
  A smoke demon (Abyss:3)
  2 molten gargoyles (Geh:7)
  2 merfolk (Shoals:3)
  A flying skull (Coc:7)
  A shadow (Geh:5)
  2 water elementals
  2 humans (Snake:1)
  A chaos spawn (Pan)
  A naga (Snake:1)
  A necrophage (Coc:5)
  An ogre (Vaults:2)
  A crimson imp (Geh:7)
  A shadow imp (D:15)
  An ufetubus (Abyss:3)
  An orc (Vaults:1)
  A crawling corpse (Elf:3)
  A demonic plant (Pan)
  A fire vortex (Pan)
  3 fungi
  A lurking horror (Abyss:5)
  12 plants
  23 starspawn tentacles
  18 tentacles
  2 withered plants (D:7)
95 creatures vanquished.

Grand Total: 4643 creatures vanquished

Notes
Turn   | Place    | Note
-------+----------+-------------------------------------------
     0 | D:1      | Armakuni the Human Wanderer began the quest for the Orb.
     0 | D:1      | Armakuni set off with the following items: a +2
                  | quarterstaff, a scroll of teleportation, a potion of
                  | lignification, a +0 robe, a ration
     0 | D:1      | Reached XP level 1. HP: 19/19 MP: 1/1
    74 | D:1      | Reached XP level 2. HP: 13/25 MP: 2/2
   383 | D:1      | Reached XP level 3. HP: 28/30 MP: 3/3
   806 | D:2      | Reached skill level 1 in Armour
   817 | D:2      | Reached XP level 4. HP: 35/37 MP: 4/4
   935 | D:2      | Found an ancient bone altar of Kikubaaqudgha.
  1860 | D:3      | Reached XP level 5. HP: 42/42 MP: 5/5
  2206 | D:4      | Noticed an ogre
  2408 | D:4      | Found a glowing drain.
  2425 | Sewer    | Entered a sewer
  2474 | Sewer    | Noticed a crocodile
  2493 | Sewer    | Killed a crocodile
  2493 | Sewer    | Reached XP level 6. HP: 37/48 MP: 6/6
  2579 | Sewer    | Got an iridescent long sword
  2652 | D:4      | Noticed an ogre
  3080 | D:3      | Killed an ogre
  3143 | D:4      | Reached XP level 7. HP: 54/54 MP: 7/7
  3148 | D:4      | Reached skill level 5 in Armour
  3461 | D:4      | Found a burning altar of Makhleb.
  3476 | D:4      | Identified the +9 long sword "Igegaole" {vamp, +Blink rF+
                  | Int-4 Dex+2} (You found it in a sewer)
  3645 | D:4      | Reached skill level 1 in Long Blades
  3664 | D:4      | Found Kekhalusm's Antique Weapon Emporium.
  3795 | D:4      | Noticed a hungry ghost
  3803 | D:4      | Killed a hungry ghost
  3803 | D:4      | Reached XP level 8. HP: 60/60 MP: 8/8
  3852 | D:4      | Found the +8 longbow "Zephyr" {speed, Dex+3 SInv}
  4017 | D:5      | Entered Level 5 of the Dungeon
  4043 | D:5      | Found a one-way gate to the infinite horrors of the Abyss.
  4043 | D:5      | Noticed zkyp's ghost (novice DsAM)
  4056 | D:5      | Found a transporter.
  4072 | D:5      | Found a transporter.
  4231 | D:5      | Reached skill level 5 in Long Blades
  4295 | D:5      | Found a shimmering blue altar of Sif Muna.
  4311 | D:5      | Found a bloodstained altar of Trog.
  4321 | D:5      | Found a shattered altar of Ashenzari.
  4343 | D:5      | Found a stormy altar of Qazlal.
  4425 | D:5      | Found a white marble altar of Elyvilon.
  4429 | D:6      | Found a staircase to the Ecumenical Temple.
  4437 | Temple   | Entered the Ecumenical Temple
  4535 | Temple   | Became a worshipper of Gozag Ym Sagoz the Greedy
  4626 | D:6      | Noticed Blork the orc
  4634 | D:6      | Killed Blork the orc
  4634 | D:6      | Reached skill level 1 in Bows
  4790 | D:6      | Reached XP level 9. HP: 65/65 MP: 9/9
  4933 | D:6      | Found a runed translucent gate.
  4933 | D:6      | Found a runed translucent gate.
  4933 | D:6      | Found a runed translucent gate.
  4934 | D:6      | Noticed EtherCrawl's ghost (novice FeBe)
  4959 | D:6      | HP: 3/65 [EtherCrawl's ghost (12)]
  4983 | D:6      | Killed EtherCrawl's ghost
  4983 | D:6      | Reached skill level 5 in Bows
  5295 | D:6      | Got the ring "Gisevick" {Fire}
  5471 | D:6      | Found a sacrificial altar of Ru.
  5471 | D:6      | Found a glowing golden altar of the Shining One.
  5715 | D:7      | Found a runed translucent door.
  5723 | D:7      | Noticed Killmatronix's ghost (novice DsWn)
  5776 | D:7      | Found Zedayr's Jewellery Shoppe.
  5779 | D:7      | Bought an uncursed amulet of regeneration for 420 gold
                  | pieces
  5868 | D:7      | Reached XP level 10. HP: 71/71 MP: 10/10
  5916 | D:7      | Found a hazy altar of Hepliaklqana.
  6672 | D:8      | Reached skill level 10 in Bows
  7348 | D:9      | Noticed Prince Ribbit
  7368 | D:9      | Killed Prince Ribbit
  7371 | D:9      | Reached skill level 5 in Fighting
  7711 | D:9      | Noticed Eustachio
  7746 | D:9      | Killed Eustachio
  7796 | D:9      | Identified a scroll of acquirement
  7796 | D:9      | Identified the ring of Fallacy {rC+ MR+ Dex+2 SInv} (You
                  | acquired it on level 9 of the Dungeon)
  8018 | D:10     | Entered Level 10 of the Dungeon
  8091 | D:10     | Reached XP level 11. HP: 81/81 MP: 11/11
  8208 | D:10     | Found a staircase to the Lair.
  8246 | D:10     | Identified the +4 war axe "Sunec" {venom, Dex+6} (You found
                  | it on level 10 of the Dungeon)
  8355 | D:10     | Found a transporter.
  8408 | D:10     | Found a transporter.
  8753 | D:11     | Noticed a two-headed ogre
  8772 | D:11     | Killed a two-headed ogre
  8806 | D:11     | Noticed an unseen horror
  8830 | D:11     | Killed an unseen horror
  8984 | D:10     | Bought the ring of Toonenk {*Drain rPois rF+ MR+++ Int+5}
                  | for 627 gold pieces
  9000 | D:11     | Noticed a green ugly thing
  9009 | D:11     | Killed a green ugly thing
  9067 | D:11     | Noticed a two-headed ogre
  9075 | D:11     | Killed a two-headed ogre
  9115 | D:11     | Noticed a white ugly thing
  9136 | D:11     | Killed a white ugly thing
  9234 | D:11     | Reached XP level 12. HP: 92/92 MP: 12/12
  9690 | D:12     | Reached skill level 10 in Long Blades
  9745 | D:12     | Noticed Sonja
  9748 | D:12     | Killed Sonja
 10066 | D:12     | Noticed a five-headed hydra
 10071 | D:12     | Killed a five-headed hydra
 10233 | D:12     | Found a staircase to the Orcish Mines.
 10332 | Orc:1    | Entered Level 1 of the Orcish Mines
 10354 | Orc:1    | Noticed Harold
 10372 | Orc:1    | Killed Harold
 10451 | Orc:1    | Noticed a two-headed ogre
 10457 | Orc:1    | Noticed Fannar
 10458 | Orc:1    | Killed a two-headed ogre
 10469 | Orc:1    | Killed Fannar
 10702 | Orc:1    | Reached XP level 13. HP: 98/98 MP: 13/13
 11022 | Orc:2    | Entered Level 2 of the Orcish Mines
 11022 | Orc:2    | Found a staircase to the Elven Halls.
 11249 | Orc:2    | Noticed an ogre mage
 11251 | Orc:2    | Reached skill level 15 in Bows
 11264 | Orc:2    | Killed an ogre mage
 11278 | Orc:2    | Reached XP level 14. HP: 99/105 MP: 14/14
 11363 | Orc:2    | Found Fielod's Food Shop.
 11363 | Orc:2    | Found Ovixan's Antique Weapon Emporium.
 11365 | Orc:2    | Found Jusu's Armour Emporium.
 11365 | Orc:2    | Found Mamy's Assorted Antiques.
 11376 | Orc:2    | Bought a vibrating tin ring for 100 gold pieces
 11376 | Orc:2    | Bought an embroidered scarf for 160 gold pieces
 11376 | Orc:2    | Bought an emerald potion for 18 gold pieces
 11376 | Orc:2    | Bought a scroll of identify for 40 gold pieces
 11378 | Orc:2    | Identified the ring "Qesun" {rPois MR+ Int+4 Slay+3} (You
                  | bought it in a shop on level 2 of the Orcish Mines)
 11414 | Orc:2    | Bought a +1 helmet of intelligence for 214 gold pieces
 11429 | Orc:2    | Bought a ration for 55 gold pieces
 11429 | Orc:2    | Bought a ration for 55 gold pieces
 11429 | Orc:2    | Bought a ration for 55 gold pieces
 11429 | Orc:2    | Bought a ration for 55 gold pieces
 11429 | Orc:2    | Bought a ration for 55 gold pieces
 11429 | Orc:2    | Bought a ration for 55 gold pieces
 11429 | Orc:2    | Bought a ration for 55 gold pieces
 11429 | Orc:2    | Bought a ration for 55 gold pieces
 11429 | Orc:2    | Bought a ration for 55 gold pieces
 12068 | Lair:1   | Entered Level 1 of the Lair of Beasts
 12263 | Lair:1   | Learned a level 1 spell: Animate Skeleton
 12522 | Lair:1   | Found a blossoming altar of Fedhas.
 13694 | D:13     | Found a gate to the Vaults.
 14146 | D:14     | Reached XP level 15. HP: 109/110 MP: 15/15
 14288 | D:14     | Noticed Frances
 14497 | Lair:1   | Bought a distressingly furry helmet for 294 gold pieces
 14497 | Lair:1   | Bought a pitted cloak for 294 gold pieces
 14507 | Lair:1   | Identified the cursed -5 helmet of Sloth {+Fly rElec
                  | Regen+} (You bought it in a shop on level 1 of the Lair of
                  | Beasts)
 14517 | Lair:1   | Identified the cursed +0 cloak of the Shoals {Dex+4} (You
                  | bought it in a shop on level 1 of the Lair of Beasts)
 14629 | Lair:2   | Noticed Nergalle
 14647 | Lair:2   | Killed Nergalle
 14650 | Lair:2   | Found a staircase to the Snake Pit.
 14965 | Lair:1   | Bought a slimy plate armour for 868 gold pieces
 14975 | Lair:1   | Identified the +9 plate armour of Restlessness {+Fly Dex-4
                  | Stlth+} (You bought it in a shop on level 1 of the Lair of
                  | Beasts)
 16174 | Lair:4   | Found a staircase to the Shoals.
 16889 | Lair:4   | Noticed Nessos
 16897 | Lair:4   | Killed Nessos
 17393 | Lair:5   | Identified the Almanac of Conjuration and Stones
 17780 | Lair:6   | Entered Level 6 of the Lair of Beasts
 18245 | Lair:6   | Reached skill level 5 in Dodging
 18348 | Lair:6   | Found a viscous altar of Jiyva.
 18348 | Lair:6   | Found a staircase to the Slime Pits.
 18543 | Lair:6   | Reached XP level 16. HP: 115/117 MP: 16/16
 18865 | Lair:6   | Got a coiled lapis lazuli ring
 18868 | Lair:6   | Identified the ring "Cauczaq" {rC+ Str+7 Dex+4} (You found
                  | it on level 6 of the Lair of Beasts)
 19375 | Snake:1  | Entered Level 1 of the Snake Pit
 19375 | Snake:1  | Noticed Kirke
 19383 | Snake:1  | Killed Kirke
 19782 | Snake:1  | Reached skill level 1 in Evocations
 20726 | Snake:2  | You fall into a shaft and drop 1 floor!
 20735 | Snake:3  | Reached skill level 10 in Dodging
 20823 | Snake:3  | Found a runed translucent gate.
 20823 | Snake:3  | Found a runed translucent gate.
 20823 | Snake:3  | Found an opulent altar of Gozag.
 20823 | Snake:3  | Found a runed translucent gate.
 20823 | Snake:3  | Found Xazeal's Assorted Antiques.
 20823 | Snake:3  | Found Lefuhuc's Assorted Antiques.
 20823 | Snake:3  | Noticed Hitos's ghost (journeyman DrSu)
 20823 | Snake:3  | Noticed a nagaraja
 20870 | Snake:3  | Killed a nagaraja
 20897 | Snake:3  | Killed Hitos's ghost
 21044 | Snake:3  | Bought a potion of heal wounds for 185 gold pieces
 21073 | Snake:3  | Found Qoohoag's Weapon Boutique.
 21082 | Snake:3  | Found Sizik's Antique Weapon Boutique.
 21082 | Snake:3  | Found Yryiquga's General Store.
 21091 | Snake:3  | Found Raannone's Distillery.
 21123 | Snake:3  | Bought a potion of heal wounds for 75 gold pieces
 21123 | Snake:3  | Bought a potion of heal wounds for 75 gold pieces
 21187 | Snake:3  | Bought a shimmering plate armour for 1036 gold pieces
 21197 | Snake:3  | Identified the +3 plate armour of the Postmodern Souls
                  | {rC++ Dex-4} (You bought it in a shop on level 3 of the
                  | Snake Pit)
 21210 | Snake:3  | Bought a scroll of enchant armour for 270 gold pieces
 21210 | Snake:3  | Bought a potion of mutation for 288 gold pieces
 21210 | Snake:3  | Bought a scroll of blinking for 270 gold pieces
 21403 | Snake:2  | Found Isivu's Jewellery Emporium.
 21403 | Snake:2  | Found Eckuzir Caop's Weapon Shoppe.
 21407 | Snake:2  | Found Syt Alu's Weapon Emporium.
 21407 | Snake:2  | Noticed Vashnia
 21440 | Snake:2  | Reached XP level 17. HP: 106/122 MP: 20/20
 21569 | Snake:2  | Noticed Agnes
 21588 | Snake:2  | Killed Agnes
 21911 | Snake:2  | Noticed Aizul
 21926 | Snake:2  | Killed Aizul
 22313 | Snake:2  | Killed Vashnia
 22901 | Snake:4  | Entered Level 4 of the Snake Pit
 23147 | Snake:4  | Learned a level 2 spell: Blink
 23318 | Snake:4  | Reached skill level 15 in Dodging
 24050 | Snake:4  | Reached XP level 18. HP: 89/129 MP: 21/21
 24445 | Snake:4  | Got a serpentine rune of Zot
 24635 | Snake:2  | Bought the ring of Phasing {EV+8} for 2176 gold pieces
 24635 | Snake:2  | Found the ring of Phasing {EV+8}
 24907 | D:10     | Got a scorched golden amulet
 25062 | Shoals:1 | Entered Level 1 of the Shoals
 25193 | Shoals:1 | Noticed Josephine
 25203 | Shoals:1 | Killed Josephine
 25588 | Shoals:1 | Found a runed translucent door.
 26561 | Shoals:3 | Got a bronze scale mail
 26610 | Shoals:3 | Noticed Ilsuiw
 26696 | Shoals:3 | Killed Ilsuiw
 27146 | Shoals:3 | Found Pyiriow's Book Shop.
 27362 | Shoals:4 | Entered Level 4 of the Shoals
 27362 | Shoals:4 | Noticed Nikola
 27377 | Shoals:4 | Identified the amulet "Huokloudgh" {+Rage +Fly rF+ Str-2}
                  | (You found it on level 10 of the Dungeon)
 27455 | Shoals:4 | Reached XP level 19. HP: 122/134 MP: 22/22
 28039 | Shoals:4 | Reached skill level 10 in Fighting
 28889 | Shoals:4 | Killed Nikola
 29151 | Shoals:4 | Got a barnacled rune of Zot
 29402 | Lair:1   | Identified the +1 scale mail of the Endless Tales {+Fly
                  | rN++} (You found it on level 3 of the Shoals)
 29517 | Vaults:1 | Entered Level 1 of the Vaults
 29718 | Vaults:1 | Reached skill level 15 in Fighting
 29787 | Vaults:1 | Bought the -2 hat of the Alchemist {rElec rPois rF+ rC+ rN+
                  | MR+ rMut rCorr} for 1463 gold pieces
 29787 | Vaults:1 | Found the -2 hat of the Alchemist {rElec rPois rF+ rC+ rN+
                  | MR+ rMut rCorr}
 29903 | Vaults:1 | Reached XP level 20. HP: 156/164 MP: 23/23
 30461 | Vaults:1 | Reached skill level 10 in Armour
 32104 | Vaults:2 | Reached XP level 21. HP: 174/174 MP: 24/24
 32157 | Vaults:2 | Reached skill level 5 in Staves
 32570 | Vaults:2 | Noticed Margery
 32597 | Vaults:2 | Killed Margery
 33767 | Vaults:1 | Bought a scorched chain mail for 294 gold pieces
 33777 | Vaults:1 | Identified the +8 chain mail of Xeim {rElec Str+5} (You
                  | bought it in a shop on level 1 of the Vaults)
 33790 | Vaults:1 | Bought an embroidered cloak for 232 gold pieces
 33937 | Vaults:3 | Found a portal to a secret trove of treasure.
 34030 | Vaults:3 | Noticed a bone dragon
 34056 | Vaults:3 | Killed a bone dragon
 34068 | Vaults:3 | Found a staircase to the Crypt.
 35290 | Vaults:4 | Identified the +6 flail "Fobos" {elec, rN+ Str+4}
 35513 | Vaults:4 | Reached XP level 22. HP: 142/181 MP: 25/25
 35642 | Vaults:4 | Reached skill level 10 in Staves
 36304 | Vaults:4 | Reached skill level 15 in Armour
 36307 | Vaults:4 | Reached XP level 23. HP: 187/187 MP: 26/26
 37143 | Vaults:5 | Entered Level 5 of the Vaults
 37409 | Vaults:5 | Reached XP level 24. HP: 189/195 MP: 26/26
 37428 | Vaults:5 | Noticed Frederick
 37442 | Vaults:5 | Killed Frederick
 37966 | Vaults:5 | Noticed a golden dragon
 37971 | Vaults:5 | Noticed a golden dragon
 37990 | Vaults:5 | Killed a golden dragon
 38002 | Vaults:5 | Killed a golden dragon
 38292 | Vaults:5 | Noticed Mennas
 38337 | Vaults:5 | Killed Mennas
 38404 | Vaults:5 | Identified the Reference Book on Venomous Clay
 38407 | Vaults:5 | Got a silver rune of Zot
 38963 | Vaults:5 | Noticed a golden dragon
 38971 | Vaults:5 | Killed a golden dragon
 38980 | Vaults:5 | Found Tuupalith's Gadget Shoppe.
 39099 | Vaults:5 | Noticed an ancient lich
 39123 | Vaults:5 | Killed an ancient lich
 39123 | Vaults:5 | Reached XP level 25. HP: 201/201 MP: 26/26
 39479 | Vaults:5 | Identified the ring of Haffub {rF+ Dex+2}
 39538 | Vaults:5 | Learned a level 2 spell: Shroud of Golubria
 39541 | Vaults:5 | Learned a level 2 spell: Song of Slaying
 39568 | Vaults:5 | Identified the amulet of the Coward {Acrobat rPois rN+
                  | Dex+4 Slay-3}
 39584 | Vaults:5 | Reached skill level 1 in Spellcasting
 39584 | Vaults:5 | Reached skill level 1 in Charms
 39946 | Vaults:3 | You paid a toll of 16 scrolls of teleportation to enter a
                  | treasure trove
 39947 | Trove    | Entered a treasure trove
 39979 | Trove    | Got a smoking pewter ring
 40182 | Vaults:1 | Bought a scorched helmet for 294 gold pieces
 40183 | Vaults:1 | Identified the +2 helmet of Beogh's Whim {rElec Regen+
                  | Dex-5} (You bought it in a shop on level 1 of the Vaults)
 40187 | Vaults:1 | Identified the ring "Oghuw" {+Inv rN+ MR+ Slay+3} (You
                  | found it in a treasure trove)
 40195 | Vaults:1 | Bought a ration for 105 gold pieces
 40195 | Vaults:1 | Bought a potion of heal wounds for 105 gold pieces
 40195 | Vaults:1 | Bought a +0 pair of gloves of archery for 241 gold pieces
 41001 | D:15     | Entered Level 15 of the Dungeon
 41129 | D:15     | Found a staircase to the Depths.
 41228 | D:15     | Identified the ring of Uhirus {rC+ Int+4 Slay+2} (You
                  | acquired it on level 15 of the Dungeon)
 41599 | Depths:1 | Entered Level 1 of the Depths
 41599 | Depths:1 | Found a snail-covered altar of Cheibriados.
 41673 | Depths:1 | Reached skill level 5 in Charms
 41962 | Depths:1 | Found a gateway to Hell.
 42409 | Depths:1 | Found a glowing golden altar of the Shining One.
 42849 | Depths:2 | Noticed Bai Suzhen
 42867 | Depths:2 | Killed Bai Suzhen
 42921 | Depths:2 | Found a transporter.
 42926 | Depths:2 | Found a bloodstained altar of Trog.
 42926 | Depths:2 | Noticed Amisofog's ghost (veteran CeHu)
 42928 | Depths:2 | Identified the +7 quick blade "Lalo" {antimagic, rC- rN+
                  | MR+ Str+4}
 42931 | Depths:2 | Identified the +4 rapier of Piovot {flame, rN+}
 42931 | Depths:2 | Found a transporter.
 42944 | Depths:2 | Noticed a juggernaut
 42947 | Depths:2 | Reached skill level 1 in Translocations
 42958 | Depths:2 | Got a pair of shimmering boots
 43017 | Depths:2 | Killed a juggernaut
 43068 | Depths:2 | Killed Amisofog's ghost
 43068 | Depths:2 | Reached skill level 5 in Translocations
 43091 | Depths:2 | Identified the +2 pair of boots of the Sunfish {rF+} (You
                  | found it on level 2 of the Depths)
 43227 | Depths:2 | Reached XP level 26. HP: 187/208 MP: 27/27
 43910 | Depths:2 | Reached skill level 10 in Translocations
 44123 | Depths:2 | Identified the Incunabulum of Translocation and Evil Rites
 44279 | Depths:2 | Upgraded the game from 0.25-a0-701-gb30f108f01 to
                  | 0.25-a0-707-g603da076d2
 44281 | Depths:2 | Learned a level 1 spell: Apportation
 44343 | Depths:2 | Learned a level 3 spell: Teleport Other
 44347 | Depths:2 | Learned a level 3 spell: Lesser Beckoning
 44475 | Depths:3 | Reached skill level 10 in Charms
 44564 | Depths:3 | Reached skill level 5 in Spellcasting
 44780 | Depths:3 | Found a one-way gate leading to the halls of Pandemonium.
 45534 | Depths:3 | Found the amulet of Vitality {Regen+ HP+15}
 45534 | Depths:3 | Noticed a greater mummy
 45784 | Depths:3 | Killed a greater mummy
 46021 | Depths:3 | Noticed a greater mummy
 46038 | Depths:3 | Killed a greater mummy
 46244 | Depths:3 | Bought a potion of ambrosia for 200 gold pieces
 46244 | Depths:3 | Bought 2 potions of heal wounds for 250 gold pieces
 46244 | Depths:3 | Bought a potion of magic for 200 gold pieces
 46244 | Depths:3 | Bought a potion of magic for 200 gold pieces
 46244 | Depths:3 | Bought a potion of cancellation for 200 gold pieces
 46315 | D:14     | Killed Frances
 46315 | D:14     | Reached XP level 27. HP: 214/214 MP: 36/36
 46673 | Shoals:3 | Bought a book of the Warp for 1170 gold pieces
 46677 | Shoals:3 | Learned a level 3 spell: Portal Projectile
 47097 | Depths:1 | Fell from the grace of Gozag
 47097 | Depths:1 | Became a worshipper of the Shining One
 47363 | Crypt:1  | Entered Level 1 of the Crypt
 47492 | Crypt:1  | Reached * piety under the Shining One
 47565 | Crypt:1  | Reached skill level 5 in Throwing
 47609 | Crypt:1  | Reached ** piety under the Shining One
 48149 | Crypt:2  | Reached *** piety under the Shining One
 48349 | Crypt:2  | Reached **** piety under the Shining One
 48530 | Crypt:2  | Reached skill level 10 in Throwing
 48695 | Crypt:2  | Reached ***** piety under the Shining One
 48878 | Crypt:3  | Entered Level 3 of the Crypt
 49116 | Crypt:2  | Reached skill level 1 in Invocations
 49427 | Crypt:3  | Reached ****** piety under the Shining One
 49438 | Crypt:3  | Reached skill level 5 in Invocations
 49639 | Crypt:3  | Noticed an ancient lich
 49639 | Crypt:3  | Noticed an ancient lich
 49641 | Crypt:3  | Noticed an ancient lich
 49731 | Crypt:3  | Killed an ancient lich
 49738 | Crypt:3  | Killed an ancient lich
 49755 | Crypt:3  | Killed an ancient lich
 49859 | Crypt:3  | Got a transparent lapis lazuli ring
 49860 | Crypt:3  | Identified the ring of Wirudwei {Ice rPois MR+++ Str-3
                  | Dex-3} (You found it on level 3 of the Crypt)
 49863 | Crypt:3  | Identified the Catalogue of Evil
 49975 | Crypt:3  | Found a staircase to the Tomb.
 49986 | Crypt:3  | Identified the +6 glaive "Otipaud" {flame, rElec Dex+4 SInv
                  | Stlth-} (You found it on level 3 of the Crypt)
 50586 | Slime:1  | Entered Level 1 of the Pits of Slime
 50644 | Slime:1  | Reached skill level 10 in Invocations
 51880 | Slime:5  | Entered Level 5 of the Pits of Slime
 52092 | Slime:5  | Noticed the Royal Jelly
 52113 | Slime:5  | Noticed Dissolution
 52128 | Slime:5  | Killed the Royal Jelly
 52804 | Slime:4  | Reached skill level 15 in Invocations
 53037 | Slime:5  | Identified the +2 tower shield "Karuvu" {Dex+2}
 53049 | Slime:5  | Killed Dissolution
 53318 | Slime:5  | Found the +3 Elemental Staff {rElec rF++ rC++ MR++ AC+5}
 53325 | Slime:5  | Got a slimy rune of Zot
 53356 | Slime:5  | Identified the +1 scale mail "Qask" {Int+2} (You found it
                  | on level 5 of the Pits of Slime)
 53373 | Slime:5  | Identified the Papyrus of Creative Envenoming
 53391 | Slime:5  | Got a heavily runed ruby amulet
 53392 | Slime:5  | Identified the amulet of Cewiab {Harm *Drain rF+ Str+5}
                  | (You found it on level 5 of the Pits of Slime)
 53396 | Slime:5  | Identified the Papyrus of Helpful Transformation
 53411 | Slime:5  | Identified the Papyrus of Mutagenic Execration
 53473 | Slime:5  | Learned a level 4 spell: Passage of Golubria
 54164 | Elf:1    | Entered Level 1 of the Elven Halls
 54288 | Elf:1    | Reached skill level 1 in Hexes
 54456 | Elf:1    | Found a flickering gateway to a bazaar.
 54468 | Bazaar   | Entered a bazaar
 54470 | Bazaar   | Found Huavvegg's Assorted Antiques.
 54474 | Bazaar   | Found Qaol's Weapon Boutique.
 54474 | Bazaar   | Found Pepp's Gadget Boutique.
 54475 | Bazaar   | Found Sodater's Jewellery Boutique.
 54508 | Bazaar   | Bought a scroll of teleportation for 69 gold pieces
 54902 | Elf:1    | Was forgiven by Gozag
 55811 | Elf:2    | Found a runed translucent gate.
 55811 | Elf:2    | Found a runed translucent gate.
 55813 | Elf:2    | Found a runed translucent gate.
 56001 | Elf:3    | Entered Level 3 of the Elven Halls
 56094 | Elf:3    | Found a runed translucent door.
 56095 | Elf:3    | Found a shimmering altar of Xom.
 56095 | Elf:3    | Noticed Hasart's ghost (adept DgIE)
 56115 | Elf:3    | Killed Hasart's ghost
 56444 | Elf:3    | Identified a +3 longbow of holy wrath (a +1 longbow of
                  | flaming blessed by the Shining One)
 56444 | Elf:3    | Received a gift from the Shining One
 56555 | Elf:3    | Identified the ring of the Madman {rC- AC+3 Str+8}
 56615 | Elf:3    | Found the +8 whip "Snakebite" {curare, rPois}
 56720 | Elf:3    | Got a sparkling copper ring
 56721 | Elf:3    | Identified the ring of Vaasah {Wiz +Blink rElec rF- Slay-2}
                  | (You found it on level 3 of the Elven Halls)
 56732 | Elf:3    | Found the +3 sling "Punk" {acid, rCorr}
 56760 | Elf:3    | Identified the +10 chain mail of Recklessness {rElec} (You
                  | found it on level 3 of the Elven Halls)
 57326 | Depths:4 | Noticed a juggernaut
 57354 | Depths:4 | Killed a juggernaut
 58040 | Depths:4 | Identified the +4 fire dragon scales of Impermeability
                  | {rF++ rC- MR+ Int-4 Dex+2} (You found it on level 4 of the
                  | Depths)
 58220 | Hell     | Entered the Vestibule of Hell
 58220 | Hell     | Noticed Geryon
 58232 | Hell     | Killed Geryon
 58247 | Hell     | Reached skill level 15 in Throwing
 58265 | Hell     | Noticed Murray
 58280 | Hell     | Killed Murray
 58324 | Hell     | Found a gateway to the ashen valley of Gehenna.
 58562 | Hell     | Found a gateway to the decaying netherworld of Tartarus.
 58734 | Hell     | Found a gateway to the freezing wastes of Cocytus.
 58864 | Hell     | Found a gateway to the Iron City of Dis.
 59040 | Depths:5 | Entered Level 5 of the Depths
 59429 | Depths:5 | Noticed Xtahua
 59434 | Depths:5 | Killed Xtahua
 59465 | Depths:5 | Found a gateway to a ziggurat.
 60091 | Depths:5 | Found a gate to the Realm of Zot.
 60571 | Pan      | Entered Pandemonium
 60777 | Pan      | Identified the ring "Plog" {MR+ rCorr Int+4 Dex+5 Stlth-}
                  | (You acquired it in Pandemonium)
 60782 | Pan      | Identified the +1 crystal plate armour of Lugonu's Wrath
                  | {rElec rCorr Int+2} (You acquired it in Pandemonium)
 61240 | Pan      | Noticed Xateokle the pandemonium lord
 61252 | Pan      | Killed Xateokle the pandemonium lord
 61252 | Pan      | Reached skill level 10 in Spellcasting
 61714 | Pan      | Identified the +6 tower shield of Bad Feelings {rElec MP+9
                  | Int-3 Stlth+}
 62284 | Pan      | Found a glowing silver altar of Zin.
 63476 | Pan      | Reached skill level 15 in Spellcasting
 63477 | Pan      | Noticed a seraph
 63958 | Pan      | Identified the ring of Zekiwn {rCorr Str+2}
 63974 | Pan      | Identified the amulet "Ethrixey" {RegenMP Str+2 Int+4}
 64031 | Pan      | Killed a seraph
 64153 | Pan      | Found a glowing golden altar of the Shining One.
 64174 | Pan      | Got a demonic rune of Zot
 64734 | Pan      | Found a white marble altar of Elyvilon.
 64859 | Pan      | Found the +3 pair of gauntlets of War {Slay+5}
 65633 | Depths:4 | Escaped Pandemonium
 65637 | Pan      | Entered Pandemonium
 65875 | Pan      | Noticed Hejireat the pandemonium lord
 65904 | Pan      | Killed Hejireat the pandemonium lord
 66055 | Pan      | Noticed Etizocy the pandemonium lord
 66080 | Pan      | Killed Etizocy the pandemonium lord
 66113 | Pan      | Gained mutation: You are occasionally teleported next to
                  | monsters. [a cacodemon]
 67007 | Pan      | Found a transporter.
 67115 | Pan      | Found a transporter.
 67374 | Pan      | Identified the ring of Lucidity {Str+3 SInv}
 67393 | Pan      | Entered the realm of Mnoleg.
 67393 | Pan      | Noticed Mnoleg
 67394 | Pan      | Gained mutation: Your body sometimes deteriorates upon
                  | taking damage. [a cacodemon]
 67398 | Pan      | Gained mutation: Your body often deteriorates upon taking
                  | damage. [Mnoleg's mutagenic touch]
 67405 | Pan      | Killed Mnoleg
 67829 | Pan      | Got a glowing rune of Zot
 68190 | Pan      | Entered the realm of Gloorx Vloq.
 68321 | Pan      | Noticed Gloorx Vloq
 68358 | Pan      | Found an exit through the horrors of the Abyss.
 68623 | Pan      | Killed Gloorx Vloq
 68731 | Pan      | Got a dark rune of Zot
 68779 | Pan      | Identified the +1 helmet of Qenehace {Int+2} (You acquired
                  | it in Pandemonium)
 68781 | Pan      | Identified the ring of Temptation {Wiz rPois rC- Str+6}
                  | (You acquired it in Pandemonium)
 68874 | Pan      | Entered the realm of Cerebov.
 68925 | Pan      | Identified the +6 sword of Cerebov {flame}
 68925 | Pan      | Noticed Cerebov
 68975 | Pan      | Killed Cerebov
 69095 | Pan      | Identified the +10 rapier of the Invisible Beds {venom,
                  | rPois Int+3}
 69193 | Pan      | Identified the cursed +0 helmet of Inference {rC+} (You
                  | found it in Pandemonium)
 69300 | Pan      | Identified the cursed +0 buckler of Free Expression {rN+}
                  | (You found it in Pandemonium)
 69311 | Pan      | Identified the +6 plate armour of Liberty {rC+ Int+3 Dex-3}
                  | (You found it in Pandemonium)
 69327 | Pan      | Got a fiery rune of Zot
 69412 | Pan      | Learned a level 6 spell: Dispersal
 69415 | Pan      | Learned a level 2 spell: Swiftness
 69425 | Pan      | Entered the realm of Lom Lobon.
 69700 | Pan      | Noticed Lom Lobon
 69723 | Pan      | Killed Lom Lobon
 69861 | Pan      | Got a magical rune of Zot
 70069 | Pan      | Noticed Atutixyts the pandemonium lord
 70087 | Pan      | Killed Atutixyts the pandemonium lord
 70492 | Pan      | Lost mutation: Your body often deteriorates upon taking
                  | damage. [potion of mutation]
 70492 | Pan      | Lost mutation: Your body sometimes deteriorates upon taking
                  | damage. [potion of mutation]
 70492 | Pan      | Lost mutation: You are occasionally teleported next to
                  | monsters. [potion of mutation]
 70492 | Pan      | Gained mutation: Your flesh is cold resistant. (rC+)
                  | [potion of mutation]
 70492 | Pan      | Gained mutation: Your mind is acute. (Int +2) [potion of
                  | mutation]
 70492 | Pan      | Gained mutation: You evolve. [potion of mutation]
 70769 | Pan      | Noticed Nyirchueg the pandemonium lord
 70777 | Pan      | Gained mutation: You are frail. (-10% HP) [a cacodemon]
 70779 | Pan      | Killed Nyirchueg the pandemonium lord
 70864 | Pan      | Found an exit through the horrors of the Abyss.
 71199 | Pan      | Noticed Piekesmeyn the pandemonium lord
 71226 | Pan      | Killed Piekesmeyn the pandemonium lord
 71600 | Pan      | Gained mutation: Armour fits poorly on your strangely
                  | shaped body. [evolution]
 72004 | Pan      | Identified the ring "Tipnejot" {+Inv Str+2 SInv}
 72362 | Pan      | Reached skill level 15 in Translocations
 72562 | Pan      | Learned a level 8 spell: Controlled Blink
 72677 | Pan      | Noticed Qipp the pandemonium lord
 72704 | Pan      | Killed Qipp the pandemonium lord
 72931 | Pan      | Found an exit through the horrors of the Abyss.
 72939 | Pan      | Took an exit into the Abyss.
 72939 | Abyss:1  | Escaped into the Abyss
 72945 | Abyss:1  | Lost mutation: You evolve. [potion of mutation]
 72945 | Abyss:1  | Lost mutation: Your flesh is cold resistant. (rC+) [potion
                  | of mutation]
 72945 | Abyss:1  | Lost mutation: Armour fits poorly on your strangely shaped
                  | body. [potion of mutation]
 72945 | Abyss:1  | Lost mutation: Your mind is acute. (Int +2) [potion of
                  | mutation]
 72945 | Abyss:1  | Gained mutation: You occasionally shout uncontrollably at
                  | your foes. [potion of mutation]
 72945 | Abyss:1  | Gained mutation: You evolve. [potion of mutation]
 72945 | Abyss:1  | Lost mutation: You are frail. (-10% HP) [potion of
                  | mutation]
 72980 | Abyss:1  | Learned a level 3 spell: Recall
 72980 | Abyss:1  | Found a corrupted altar of Lugonu.
 72999 | Abyss:1  | Found a sparkling altar of Nemelex Xobeh.
 73020 | Abyss:1  | Found a corrupted altar of Lugonu.
 73544 | Depths:4 | Escaped the Abyss
 73678 | Dis:1    | Entered Level 1 of the Iron City of Dis
 74036 | Dis:3    | Found a huge runed gate.
 74036 | Dis:3    | Found a huge runed gate.
 74037 | Dis:3    | Found a huge runed gate.
 74037 | Dis:3    | Found a huge runed gate.
 74037 | Dis:3    | Found a huge runed gate.
 74037 | Dis:3    | Found a huge runed gate.
 74038 | Dis:3    | Found a huge runed gate.
 74530 | Dis:5    | You fall into a shaft and drop 1 floor!
 74662 | Dis:7    | Entered Level 7 of the Iron City of Dis
 74765 | Dis:7    | Identified the +7 tower shield "Igrups" {-Cast rPois Int+7
                  | SInv}
 75239 | Dis:7    | Identified the +4 staff of Dispater
 75239 | Dis:7    | Noticed Dispater
 75322 | Dis:7    | Identified the Guide on Creation
 75323 | Dis:7    | Got an iron rune of Zot
 75355 | Dis:7    | Identified the +0 pair of gloves "Ehy Mann" {rPois rC+}
                  | (You found it on level 7 of the Iron City of Dis)
 75578 | Geh:1    | Entered Level 1 of Gehenna
 76135 | Geh:7    | Entered Level 7 of Gehenna
 76396 | Geh:7    | Identified the +7 sceptre of Asmodeus
 76396 | Geh:7    | Noticed Asmodeus
 76541 | Geh:7    | Got an obsidian rune of Zot
 76549 | Geh:7    | Identified Sif Muna's Compendium of Gliding Shape Shifting
 76666 | Coc:1    | Entered Level 1 of Cocytus
 76690 | Coc:3    | Noticed a shard shrike
 76690 | Coc:3    | Noticed a shard shrike
 76698 | Coc:3    | Killed a shard shrike
 76698 | Coc:3    | Killed a shard shrike
 76704 | Coc:3    | Noticed a shard shrike
 76716 | Coc:3    | Killed a shard shrike
 77139 | Coc:5    | Learned a level 8 spell: Disjunction
 77432 | Coc:5    | Noticed a shard shrike
 77439 | Coc:5    | Killed a shard shrike
 77595 | Coc:6    | Noticed a shard shrike
 77600 | Coc:6    | Killed a shard shrike
 77940 | Coc:6    | You fall into a shaft and drop 1 floor!
 77940 | Coc:7    | Entered Level 7 of Cocytus
 77951 | Coc:7    | Found the +8 mithril axe "Arga" {speed, MR+}
 78278 | Coc:7    | Noticed a shard shrike
 78286 | Coc:7    | Killed a shard shrike
 78355 | Coc:7    | Noticed a shard shrike
 78361 | Coc:7    | Killed a shard shrike
 78429 | Coc:7    | Got a warped iron amulet
 78430 | Coc:7    | Identified the amulet of Curiosity {Faith rPois rN+ Dex+2}
                  | (You found it on level 7 of Cocytus)
 78603 | Coc:7    | Noticed the Serpent of Hell
 78614 | Coc:7    | Noticed Antaeus
 78618 | Coc:7    | Got an icy rune of Zot
 78687 | Coc:7    | Noticed a shard shrike
 78693 | Coc:7    | Killed a shard shrike
 78733 | Coc:7    | Noticed a shard shrike
 78747 | Coc:7    | Killed a shard shrike
 78978 | Tar:1    | Entered Level 1 of Tartarus
 79458 | Tar:2    | Gained mutation: You are weak. (Str -2) [mutagenic glow]
 79744 | Tar:3    | You fall into a shaft and drop 1 floor!
 80545 | Tar:6    | Gained mutation: Your system is resistant to poisons.
                  | (rPois) [evolution]
 80678 | Tar:7    | Entered Level 7 of Tartarus
 81501 | Tar:7    | Noticed Ereshkigal
 81528 | Tar:7    | Killed Ereshkigal
 81588 | Tar:7    | Got a bone rune of Zot
 81849 | Hell     | Upgraded the game from 0.25-a0-707-g603da076d2 to
                  | 0.25-a0-713-g4845790874
 81911 | Depths:4 | Voluntarily entered the Abyss.
 81955 | Abyss:1  | Found an opulent altar of Gozag.
 82144 | Abyss:2  | Found a corrupted altar of Lugonu.
 82228 | Abyss:3  | Identified the cursed +0 tower shield of the Sun {rElec rF+
                  | rCorr}
 82262 | Abyss:3  | Found a huge runed gate.
 82269 | Abyss:3  | Found a huge runed gate.
 82269 | Abyss:3  | Found a huge runed gate.
 82269 | Abyss:3  | Found a huge runed gate.
 82272 | Abyss:3  | Found a huge runed gate.
 82272 | Abyss:3  | Found a huge runed gate.
 82272 | Abyss:3  | Found a huge runed gate.
 82272 | Abyss:3  | Found a huge runed gate.
 82272 | Abyss:3  | Found a huge runed gate.
 82274 | Abyss:3  | Found a huge runed gate.
 82605 | Abyss:3  | Identified the cursed +0 tower shield of the Original Sin
                  | {rC+ Str+4}
 83040 | Abyss:3  | Found a huge runed gate.
 83043 | Abyss:3  | Found a huge runed gate.
 83053 | Abyss:3  | Found a huge runed gate.
 83053 | Abyss:3  | Found a huge runed gate.
 83053 | Abyss:3  | Found a huge runed gate.
 83054 | Abyss:3  | Found a huge runed gate.
 83373 | Abyss:4  | Found a corrupted altar of Lugonu.
 83397 | Abyss:5  | Entered Level 5 of the Abyss
 83397 | Abyss:5  | Found a corrupted altar of Lugonu.
 83449 | Abyss:5  | Paralysed by accursed screaming for 1 turns
 83465 | Abyss:5  | Got an abyssal rune of Zot
 83617 | Abyss:5  | Gained mutation: You are partially covered in large bone
                  | plates. (SH +4) [a shining eye]
 83645 | Depths:4 | Escaped the Abyss
 83820 | Depths:4 | Learned a level 5 spell: Aura of Abjuration
 84159 | Tomb:1   | Entered Level 1 of the Tomb of the Ancients
 84215 | Tomb:1   | Reached skill level 1 in Summonings
 84540 | Tomb:1   | Noticed a greater mummy
 84553 | Tomb:1   | Killed a greater mummy
 84553 | Tomb:1   | Reached skill level 5 in Summonings
 84581 | Tomb:1   | Noticed a greater mummy
 84593 | Tomb:1   | Killed a greater mummy
 85556 | Tomb:2   | Noticed Boris
 85560 | Tomb:2   | Noticed a greater mummy
 85561 | Tomb:2   | Noticed a greater mummy
 85561 | Tomb:2   | Noticed a greater mummy
 85562 | Tomb:2   | Noticed a greater mummy
 85562 | Tomb:2   | Noticed Jory
 85563 | Tomb:2   | Noticed a greater mummy
 85567 | Tomb:2   | Killed Boris
 85567 | Tomb:2   | Killed from afar by Jory

Levels and vault maps discovered:
D:1:      lemuel_arrival_lava_pool, layout_rooms
D:2:      layout_loops_ring, old_standard_altar
D:3:      layout_basic, first_ration
D:4:      layout_rooms, makhleb_heckhound_becter, serial_shops,
          nicolae_shop_trees, gup_sewer_entry_glass, minmay_misc_feat_roman,
          kennysheep_generic_room_2
D:5:      layout_gridville, grunt_qazlal_sundering,
          nicolae_overflow_quartered_altars, gammafunk_ghost_abyssal_escape
D:6:      black_bear_nest_2, layout_basic, gammafunk_temple_overflow_elements,
          minmay_temple_entry_mini_moons, gammafunk_ghost_icy,
          uniq_blork_the_orc
D:7:      layout_basic, nicolae_overflow_crystal_walls, serial_shops,
          nicolae_shop_behind_doors, gammafunk_ghost_grave
D:8:      layout_basic, serial_aquarium, aquarium_bridge_long_separate
          [aquarium_subvault_window, aquarium_subvault_bridge,
          aquarium_subvault_wall, aquarium_subvault_wall,
          aquarium_subvault_bridge, aquarium_subvault_wall], aquarium_window_2,
          aquarium_window_double, aquarium_view_2c, aquarium_balcony_3b,
          aquarium_pool_1
D:9:      layout_cross, sword_in_stone, uniq_prince_ribbit1
D:10:     gammafunk_jiyva_shrine, layout_small_grid, erik_lair_island
D:11:     layout_rooms, kennysheep_another_room
D:12:     layout_irregular_city, erik_orc_1, uniq_sonja
D:13:     layout_roguey [special_room_orc], grunt_vaults_entry_fortified
D:14:     layout_grid_maze, abandoned_shop, uniq_frances
D:15:     gammafunk_depths_entry_grave, layout_rooms
Temple:   nicolae_temple_hex_pool
Lair:1:   layout_roguey [special_room_bee], basic_altar
Lair:2:   layout_hall_layers, guppyfry_snake_entry_island, grunt_megastairs_5,
          uniq_nergalle
Lair:3:   layout_cave_pods, lemuel_fruit_fields, infiniplex_staircase_pool
Lair:4:   layout_cave_pods, elwin_shoals_entry_rocks,
          infiniplex_staircase_pool_2, uniq_nessos
Lair:5:   layout_long_grid, st_stairs_12, lemuel_fruit_tree
Lair:6:   evilmike_catoblepas_cave, layout_regular_city,
          dpeg_slime_entry_enclosed_altar
Shoals:1: layout_shoals, lightli_airlock, uniq_josephine
Shoals:2: layout_shoals
Shoals:3: layout_shoals, serial_shops, shop_fountains, uniq_ilsuiw
Shoals:4: shoals_end_grunt_ice, layout_shoals, uniq_nikola
Snake:1:  layout_layer_cave, st_stairs_14, uniq_kirke
Snake:2:  layout_concentric_octagons, minmay_shop_star, uniq_agnes,
          uniq_vashnia, uniq_aizul
Snake:3:  layout_gridlike, ebering_ghost_gozag, minmay_shoptagon
Snake:4:  snake_pit, layout_gridlike, grunt_ministairs_6, serial_bayou_shore_b
Slime:1:  layout_caves, cheibrodos_slime_lost_civilization_7
Slime:2:  layout_caves
Slime:3:  layout_caves, nicolae_slime_welcoming_committee
Slime:4:  layout_caves
Slime:5:  uniq_dissolution
Orc:1:    layout_diamond_mine, uniq_fannar, uniq_harold
Orc:2:    st_orc_ogre_mass, layout_caves
Elf:1:    layout_gridlike, serial_shops, bzr_firewalk, evilmike_minifort,
          minivault_19, wad_floor_pattern_2, minivault_25_ag
Elf:2:    layout_rooms
Elf:3:    minmay_elf_hall_hex, layout_geoelf_octagon, ebering_ghost_xom,
          st_stairs_1
Vaults:1: hangedman_vaults_capsules, v_misc_31, v_misc_14,
          vaults_room_semicircle, v_misc_1, vaults_mumra_bighexcomb,
          nicolae_vaults_three_branches, grunt_vaults_hallway_long,
          nicolae_vaults_little_squares_2, nicolae_vaults_hallways_thing,
          v_rooms_3, ontoclasm_vaults_claustrophobia,
          nicolae_vaults_diagonal_hallway_6, v_misc_25, layout_vaults_omnibox
Vaults:2: serial_ice_g, v_rooms_5, nicolae_vaults_little_ls, v_misc_9,
          v_alt_pattern_2, hangedman_vaults_stream, v_misc_2, v_misc_12,
          ontoclasm_vaults_bender, vaults_dpeg_diagonal,
          vaults_room_stairs_pillars, layout_vaults_ring, uniq_margery
Vaults:3: v_misc_8, v_misc_1, v_misc_5, minmay_crypt_entry_nasty_monster,
          grunt_vaults_focal, ontoclasm_vaults_gateway, layout_vaults_omnigrid,
          nicolae_trove_entry_columns
Vaults:4: ontoclasm_vaults_hangar, nicolae_vaults_diagonal_hallway_7,
          ontoclasm_vaults_ligature, vaults_mumra_chevron_long,
          vaults_room_semicircle, v_misc_16, nicolae_vaults_little_squares_3,
          vaults_standard_mumra_enter_the_diamond, grunt_vaults_trifunnel,
          vaults_room_hallway, hangedman_vaults_trim, v_misc_27,
          hangedman_vaults_impose, vaults_room_fours, ontoclasm_vaults_chip,
          layout_vaults_omnicross
Vaults:5: uniq_mennas, uniq_frederick
Crypt:1:  layout_misc_corridors
Crypt:2:  layout_gridlike, feat_on_display
Crypt:3:  david_glass_crypt, layout_misc_corridors
Tomb:1
Tomb:2:   uniq_jory, uniq_boris
Depths:1: layout_long_grid, hangedman_coc_ice_floe, hangedman_feature_mirror,
          skrybe_limestone_x, hangedman_abyss_or_decor_stabs,
          serial_bayou_pond_a, grunt_decor_cap, water_boxes_lemuel,
          serial_bayou_shore_a
Depths:2: minmay_the_grid_square_5x5_4x4_mashed
          [minmay_the_grid_square_5x5_plus, minmay_the_grid_square_5x5_inner_v,
          minmay_the_grid_square_5x5_two_small, minmay_the_grid_square_5x5_z,
          minmay_the_grid_square_5x5_shuriken,
          minmay_the_grid_square_5x5_prize_pseudospiral,
          minmay_the_grid_square_5x5_prize_monsterx,
          minmay_the_grid_square_5x5_three, minmay_the_grid_square_5x5_slash,
          minmay_the_grid_square_5x5_prize_itemx,
          minmay_the_grid_square_5x5_prize_deathbox,
          minmay_the_grid_square_5x5_c, minmay_the_grid_square_5x5_doubleslash,
          minmay_the_grid_square_5x5_mess, minmay_the_grid_square_5x5_longway,
          minmay_the_grid_square_5x5_n_small], layout_long_grid,
          gammafunk_ghost_wrathful_warriors, grunt_mini_vestibule,
          minmay_fractal_squares_gapless_7, uniq_bai_suzhen
Depths:3: ragdoll_tomb_raider, layout_cave_pools, hell_entry,
          grunt_pan_entry_in_and_out, infiniplex_staircase_diamond,
          serial_bayou_shore_b, serial_bayou_shore_b, serial_bayou_shore_b
Depths:4: minmay_mutant_horseshoe, layout_twisted_cross,
          corexii_leaking_fountain, abyss_entry, hell_entry,
          rand_demon_pan_entry_4, laboratory, firewood_loft,
          minmay_staircase_statues_hall_small
Depths:5: evilmike_zot_entry_gauntlet, layout_gridlike, enter_ziggurat_f,
          minmay_misc_feat_ornament, abyss_entry, hell_entry,
          lightli_corner_chamber, uniq_xtahua
Hell
Dis:1:    layout_subdivisions
Dis:2:    layout_regular_city, nicolae_dis_lava_storage_tank, evilmike_ambush
          [evilmike_ambush_outer_pillars, evilmike_ambush_inner_basic]
Dis:3:    layout_gridville, not_door_vault_due
Dis:4:    layout_regular_city, hangedman_dis_decor_blocks_talon
Dis:5:    layout_subdivisions
Dis:6:    layout_gridville
Dis:7:    dis_hangedman
Geh:1:    layout_gehenna_pools_box
Geh:2:    layout_gehenna_lava_caves
Geh:3:    layout_gehenna_pools_basic
Geh:4:    layout_gehenna_lava_caves
Geh:5:    layout_gehenna_lava_caves
Geh:6:    layout_gehenna_lava_caves
Geh:7:    geh_grunt_pentagon
Coc:1:    layout_ice_bergs
Coc:2:    layout_ice_bergs
Coc:3:    layout_cocytus_water_paths
Coc:4:    layout_cocytus_water_paths
Coc:5:    layout_cocytus_delve, serial_ice, serial_ice_l, serial_ice_e,
          serial_ice_d, serial_ice_h, serial_ice_b, serial_ice_o, serial_ice_f,
          serial_ice_a, serial_ice_c, serial_ice_m
Coc:6:    layout_ice_bergs
Coc:7:    coc_mu
Tar:1:    layout_grid_maze, lemuel_nasty_fountain
Tar:2:    layout_catacombs
Tar:3:    layout_grid_maze
Tar:4:    layout_catacombs, nicolae_tar_cuneiform_bread
Tar:5:    layout_grid_maze
Tar:6:    layout_catacombs, nicolae_tar_cuneiform_heaven
Tar:7:    tar_mu [tar_mu_maze]

Skill      XL: |  1  2  3  4  5  6  7  8  9 10 11 12 13 14 15 16 17 18 19 20 21 22 23 24 25 26 27 |
---------------+----------------------------------------------------------------------------------+-----
Throwing       | 2 3 20 | 20.0
Staves         | 3 4 9 11 13 14 | 14.0
Armour         | 1 2 3 4 5 7 8 9 11 14 15 16 18 19 26 | 26.2
Dodging        | 3 5 11 16 20 | 20.0
Long Blades    | 3 6 9 10 | 10.0
Bows           | 2 8 10 12 15 18 20 24 | 24.0
Fighting       | 6 8 15 17 26 | 26.4
Evocations     | 4 |  4.0
Spellcasting   | 3 9 15 | 15.0
Charms         | 9 10 | 10.0
Translocations | 6 11 26 | 26.3
Invocations    | 15 | 15.0
Hexes          | 4 |  4.0
Summonings     | 9 |  9.0
Shields        | |  1.0
Unarmed Combat | |  1.0

Action                   |  1- 3 |  4- 6 |  7- 9 | 10-12 | 13-15 | 16-18 | 19-21 | 22-24 | 25-27 || total
-------------------------+-------+-------+-------+-------+-------+-------+-------+-------+-------++-------
Melee: Quarterstaff      |    24 |   132 |    40 |       |       |       |       |       |       ||   196
       Long sword        |       |       |    72 |   129 |   373 |    47 |    12 |       |       ||   633
       Punch             |       |       |       |     1 |     4 |     1 |       |       |       ||     6
       Lajatang          |       |       |       |       |       |       |    18 |    24 |  3692 ||  3734
       Longbow           |       |       |       |       |       |       |       |       |     1 ||     1
 Fire: Longbow           |       |       |   109 |   506 |   759 |  1343 |  1899 |  1125 |  6651 || 12392
Throw: Boomerang         |     4 |       |       |       |       |       |       |       |       ||     4
       Dart              |    17 |    27 |     3 |       |       |       |       |       |       ||    47
       Throwing net      |       |       |       |       |     1 |       |       |       |     8 ||     9
       Javelin           |       |       |       |       |       |       |       |       |    71 ||    71
 Cast: Song of Slaying   |       |       |       |       |       |       |       |       |    71 ||    71
       Teleport Other    |       |       |       |       |       |       |       |       |     2 ||     2
       Apportation       |       |       |       |       |       |       |       |       |   226 ||   226
       Shroud of Golubri |       |       |       |       |       |       |       |       |    63 ||    63
       Portal Projectile |       |       |       |       |       |       |       |       |    23 ||    23
       Controlled Blink  |       |       |       |       |       |       |       |       |    20 ||    20
       Blink             |       |       |       |       |       |       |       |       |    14 ||    14
       Passage of Golubr |       |       |       |       |       |       |       |       |     3 ||     3
       Recall            |       |       |       |       |       |       |       |       |     1 ||     1
Invok: Call Merchant     |       |       |       |     1 |     2 |       |     1 |       |     4 ||     8
       Potion Petition   |       |       |       |       |       |       |       |     2 |       ||     2
       Cleansing Flame   |       |       |       |       |       |       |       |       |   367 ||   367
       Divine Shield     |       |       |       |       |       |       |       |       |    87 ||    87
       Summon Divine War |       |       |       |       |       |       |       |       |    14 ||    14
       Brand Weapon With |       |       |       |       |       |       |       |       |     1 ||     1
 Abil: Stop Flying       |     1 |       |       |       |       |       |       |       |       ||     1
       Evoke Flight      |     1 |       |       |       |       |       |       |       |       ||     1
       Cancel Portal Pro |       |       |       |       |       |       |       |       |     7 ||     7
Evoke: Wand              |       |       |     1 |     7 |    21 |    32 |     5 |     5 |    26 ||    97
       Phantom mirror    |       |       |       |       |     1 |     1 |       |       |     2 ||     4
       Box of beasts     |       |       |       |       |       |     2 |     1 |     1 |       ||     4
  Use: Scroll            |     7 |     5 |     4 |     7 |     7 |    23 |     4 |     7 |    76 ||   140
       Potion            |       |       |     2 |       |     1 |     6 |     2 |     2 |    68 ||    81
 Stab: Sleeping          |       |     8 |     4 |       |     3 |       |       |       |       ||    15
       Distracted        |       |       |     1 |       |     1 |       |     1 |       |       ||     3
  Eat: Chunk             |       |     4 |     4 |       |       |       |       |       |    13 ||    21
       Ration            |       |     1 |     4 |     5 |     9 |     8 |     7 |     1 |    59 ||    94
Armor: Robe              |     6 |       |       |       |       |       |       |       |       ||     6
       Shadow dragon sca |    16 |   109 |    73 |   148 |   235 |    72 |    90 |    55 |  2165 ||  2963
       Skin              |       |       |    14 |       |       |       |       |       |       ||    14
       Plate armour      |       |       |       |       |       |    47 |       |       |       ||    47
       Pearl dragon scal |       |       |       |       |       |       |       |       |    18 ||    18
Dodge: Dodged            |    16 |    53 |    56 |   106 |   146 |   349 |   406 |   235 |  5545 ||  6912
Block: Other             |       |       |       |       |       |       |       |       |  1224 ||  1224
       Rpst.: Long sword |       |       |     6 |    16 |    26 |    25 |     6 |       |       ||    79

Table legend:
 A = Non-vault XP
 B = Vault XP
 C = Vault XP percentage of total XP
 D = Non-vault monster count
 E = Vault monster count
 F = Vault count percentage of total count
                 A         B        C        D         E       F
            +---------+---------+-------+---------+---------+-------
      Total | 1842685 | 1429903 |  43.7 |    3082 |    1411 |  31.4
            +---------+---------+-------+---------+---------+-------
        D:1 |      34 |       0 |   0.0 |      11 |       0 |   0.0
        D:2 |      76 |       0 |   0.0 |      16 |       0 |   0.0
        D:3 |     223 |       0 |   0.0 |      24 |       0 |   0.0
        D:4 |     596 |      70 |  10.5 |      18 |       4 |  18.2
        D:5 |     421 |       0 |   0.0 |      20 |       0 |   0.0
        D:6 |     515 |     966 |  65.2 |      15 |       9 |  37.5
        D:7 |    1600 |       0 |   0.0 |      30 |       0 |   0.0
        D:8 |     690 |       0 |   0.0 |      10 |       0 |   0.0
        D:9 |    1283 |     904 |  41.3 |      33 |       6 |  15.4
       D:10 |    2775 |    1583 |  36.3 |      20 |      10 |  33.3
       D:11 |    6935 |       0 |   0.0 |      35 |       0 |   0.0
       D:12 |    3375 |    1383 |  29.1 |      21 |      18 |  46.2
       D:13 |    8600 |    8740 |  50.4 |      40 |      36 |  47.4
       D:14 |    9174 |    2826 |  23.5 |      31 |       2 |   6.1
       D:15 |    6759 |    3946 |  36.9 |      18 |       7 |  28.0
     Lair:1 |    2003 |    1885 |  48.5 |       9 |      26 |  74.3
     Lair:2 |    3478 |    1507 |  30.2 |      20 |       5 |  20.0
     Lair:3 |    3153 |       0 |   0.0 |       9 |       0 |   0.0
     Lair:4 |    2916 |    1288 |  30.6 |      12 |       1 |   7.7
     Lair:5 |   10074 |       0 |   0.0 |      29 |       0 |   0.0
     Lair:6 |   11392 |   11457 |  50.1 |      32 |      23 |  41.8
   Shoals:1 |   10926 |    6816 |  38.4 |      18 |      15 |  45.5
   Shoals:2 |    6224 |       0 |   0.0 |      12 |       0 |   0.0
   Shoals:3 |    7597 |    3653 |  32.5 |      14 |       5 |  26.3
   Shoals:4 |   22325 |   24977 |  52.8 |      47 |      37 |  44.0
    Snake:1 |   11380 |    2861 |  20.1 |      20 |       5 |  20.0
    Snake:2 |   18320 |   11718 |  39.0 |      25 |       6 |  19.4
    Snake:3 |    4981 |    7101 |  58.8 |      13 |       8 |  38.1
    Snake:4 |   18520 |   34736 |  65.2 |      36 |      50 |  58.1
    Slime:1 |   11806 |       0 |   0.0 |      23 |       0 |   0.0
    Slime:2 |   23278 |       0 |   0.0 |      34 |       0 |   0.0
    Slime:3 |   17493 |    1303 |   6.9 |      27 |       4 |  12.9
    Slime:4 |   20116 |       0 |   0.0 |      22 |       0 |   0.0
    Slime:5 |   21816 |   43352 |  66.5 |      46 |      13 |  22.0
      Orc:1 |    3969 |    2025 |  33.8 |      44 |       2 |   4.3
      Orc:2 |    1691 |   20080 |  92.2 |      21 |      43 |  67.2
      Elf:1 |   21840 |    8981 |  29.1 |      38 |      15 |  28.3
      Elf:2 |    8174 |    1799 |  18.0 |      15 |       2 |  11.8
      Elf:3 |    7834 |   53235 |  87.2 |      11 |      40 |  78.4
   Vaults:1 |   61816 |   24077 |  28.0 |      99 |      28 |  22.0
   Vaults:2 |   37006 |   22272 |  37.6 |      71 |      32 |  31.1
   Vaults:3 |   11522 |   14205 |  55.2 |      19 |      14 |  42.4
   Vaults:4 |   67846 |   15685 |  18.8 |      98 |      24 |  19.7
   Vaults:5 |    6051 |  158689 |  96.3 |       9 |     102 |  91.9
    Crypt:1 |   15135 |       0 |   0.0 |      26 |       0 |   0.0
    Crypt:2 |   34165 |    2108 |   5.8 |      45 |       1 |   2.2
    Crypt:3 |   25093 |   40269 |  61.6 |      28 |      12 |  30.0
     Tomb:1 |    5195 |   35734 |  87.3 |      14 |      28 |  66.7
     Tomb:2 |    7874 |   11940 |  60.3 |      18 |       9 |  33.3
   Depths:1 |   41837 |    2591 |   5.8 |      61 |       3 |   4.7
   Depths:2 |   24491 |   73953 |  75.1 |      42 |      58 |  58.0
   Depths:3 |   35300 |   33028 |  48.3 |      44 |      30 |  40.5
   Depths:4 |   37221 |   15034 |  28.8 |      37 |      18 |  32.7
   Depths:5 |   53383 |   26704 |  33.3 |      49 |      21 |  30.0
       Hell |   50629 |   33090 |  39.5 |      71 |      54 |  43.2
      Dis:1 |     241 |       0 |   0.0 |       1 |       0 |   0.0
      Dis:2 |   12765 |    8595 |  40.2 |      21 |      24 |  53.3
      Dis:3 |   11999 |       0 |   0.0 |       9 |       0 |   0.0
      Dis:4 |   13079 |       0 |   0.0 |      34 |       0 |   0.0
      Dis:5 |    2896 |       0 |   0.0 |       6 |       0 |   0.0
      Dis:6 |   23170 |       0 |   0.0 |      29 |       0 |   0.0
      Dis:7 |    9501 |  117013 |  92.5 |      16 |      96 |  85.7
      Geh:1 |    9701 |       0 |   0.0 |      14 |       0 |   0.0
      Geh:2 |   16488 |       0 |   0.0 |      26 |       0 |   0.0
      Geh:3 |   15986 |       0 |   0.0 |      42 |       0 |   0.0
      Geh:4 |     774 |       0 |   0.0 |       3 |       0 |   0.0
      Geh:5 |   19332 |       0 |   0.0 |      32 |       0 |   0.0
      Geh:6 |    4081 |       0 |   0.0 |       7 |       0 |   0.0
      Geh:7 |   19461 |   32829 |  62.8 |      36 |      37 |  50.7
      Coc:1 |     841 |       0 |   0.0 |       4 |       0 |   0.0
      Coc:3 |   23709 |       0 |   0.0 |      24 |       0 |   0.0
      Coc:4 |     146 |       0 |   0.0 |       1 |       0 |   0.0
      Coc:5 |   39713 |    3905 |   9.0 |      74 |      14 |  15.9
      Coc:6 |   24663 |       0 |   0.0 |      46 |       0 |   0.0
      Coc:7 |   51359 |   43994 |  46.1 |      64 |      78 |  54.9
      Tar:1 |   22516 |       0 |   0.0 |      41 |       0 |   0.0
      Tar:2 |     767 |       0 |   0.0 |       8 |       0 |   0.0
      Tar:3 |   19798 |       0 |   0.0 |      25 |       0 |   0.0
      Tar:4 |   22142 |       0 |   0.0 |      57 |       0 |   0.0
      Tar:5 |    5679 |       0 |   0.0 |      10 |       0 |   0.0
      Tar:6 |   21857 |       0 |   0.0 |      14 |       0 |   0.0
      Tar:7 |   61024 |   55724 |  47.7 |      81 |      36 |  30.8
    Abyss:1 |    5877 |       0 |   0.0 |      10 |       0 |   0.0
    Abyss:2 |   24856 |       0 |   0.0 |      36 |       0 |   0.0
    Abyss:3 |   58610 |     623 |   1.1 |     129 |       2 |   1.5
    Abyss:4 |    1021 |       0 |   0.0 |       2 |       0 |   0.0
    Abyss:5 |   13558 |   13909 |  50.6 |      46 |      14 |  23.3
        Pan |  456149 |  384630 |  45.7 |     484 |     278 |  36.5
      Sewer |       0 |     110 | 100.0 |       0 |       6 | 100.0
            +---------+---------+-------+---------+---------+-------
